Cogmind - Beta 15 @@@ ROGUE MODE // 2025.05.23 @ 21:39:51 Player: aoemica Result: Defending 0bPrime! Performance ------------- Evolutions (8) 4000 Regions Visited (30) 6000 Robots Destroyed (283) 1415 Value Destroyed (10827) 10827 Prototype IDs (196) 3920 Alien Tech Used (5) 1000 Bonus (37100) 37100 TOTAL SCORE: 64262 Bonus ------- High Alert Combat Kills 2154 Follower Combat Kills 4510 Network Hubs Disabled 400 Registered with UFD 300 Met Optimus in HQ 500 Met Zhirov 300 Built Enhanced Grunts 300 A7 Reached Mainframe 300 Destroyed Superfortress 15000 Met Optimus at Protoforge 1000 Completed Drillbomb Mission10000 Win 3000 Friendly Fire -664 Cogmind --------- Core Integrity 988/1450 Matter 280/300 Energy 340/340 System Corruption 1% Temperature Cool (0) Movement Flying (16) Location 0bPrime Parts ------- > --- POWER (2) -------- Concept Zero-point Core Concept Zero-point Core > --- PROPULSION (8) --- Cooled Nuclear Pulse Thruster Electron Diverter (fused) Impulse Thruster Array Improved Q-thruster Experimental Biomechanical Wings Experimental Surge Thruster Experimental Surge Thruster > --- UTILITY (11) ----- Concept Antigrav Storage Unit Advanced Gravity Neutralizer Spectral Analyzer Advanced Sensor Array Advanced Signal Interpreter Experimental Transmission Jammer Centrium Medium Armor Plating Graphene Brace Advanced Hacking Suite System Mapper Crosscalibrator > --- WEAPON (2) ------- Advanced Remote Datajack > --- INVENTORY (25) --- Concept Zero-point Core Concept Zero-point Core Concept Zero-point Core Gravjet Array Experimental Heat Sink Experimental Heat Sink Concept Chromion Battery (800) Concept NT7 Matterbank (64) Concept Weapon Articulator Experimental Core Analyzer Experimental Armor Integrity Analyzer Experimental Kinecellerator Experimental Force Field Experimental Force Field Cooled Nova Cannon Concept Plasma Driver Concept Plasma Driver Faulty Concept Plasma Driver Hypervelocity Multirail Concept Heavy Railcannon Compact Tesla Bomb Launcher Point Singularity Launcher IN-MT5's Pitchfork "Insurrection" (18) Peak State ------------ > --- POWER ------------ Concept Zero-point Core Concept Zero-point Core > --- PROPULSION ------- Cooled Nuclear Pulse Thruster Electron Diverter Impulse Thruster Array Improved Q-thruster Experimental Biomechanical Wings Experimental Surge Thruster Experimental Surge Thruster > --- UTILITY ---------- Concept Antigrav Storage Unit Advanced Gravity Neutralizer Spectral Analyzer Advanced Sensor Array Advanced Signal Interpreter Experimental Transmission Jammer Centrium Medium Armor Plating Graphene Brace Advanced Hacking Suite System Mapper Crosscalibrator > --- WEAPON ----------- Cooled Nova Cannon > --- INVENTORY -------- Concept Zero-point Core Concept Zero-point Core Concept Zero-point Core Gravjet Array Experimental Heat Sink Experimental Heat Sink Concept Chromion Battery Concept NT7 Matterbank Concept Weapon Articulator Experimental Core Analyzer Experimental Armor Integrity Analyzer Experimental Kinecellerator Experimental Force Field Experimental Force Field Concept Plasma Driver Concept Plasma Driver Concept Plasma Driver Hypervelocity Multirail Concept Heavy Railcannon Compact Tesla Bomb Launcher Point Singularity Launcher Advanced Remote Datajack IN-MT5's Pitchfork "Insurrection" [Rating: 228] Favorites ----------- Power Micro Antimatter Reactor Engine Improved Ion Engine Power Core Light Nuclear Core Reactor Micro Antimatter Reactor Propulsion Cooled VTOL Module Treads Light Treads Leg Aluminum Leg Flight Unit Cooled VTOL Module Utility Advanced Hacking Suite Device Advanced Gravity Neutralizer Storage Huge Storage Unit Processor Spectral Analyzer Hackware Advanced Hacking Suite Protection Layered Light Armor Plating Weapon Axe Energy Gun Medium Laser Energy Cannon Cooled Nova Cannon Ballistic Gun Enhanced Autogun Ballistic Cannon Improved Light Cannon Launcher Point Singularity Launcher Special Weapon Advanced Remote Datajack Impact Weapon Mace Slashing Weapon Axe Special Melee Weapon Advanced Datajack Build | -11 -10 -10 -9 -9 -9 -8 -8 -7 -7 -7 -7 -5 -5 -5 -5 -5 -5 -4 -4 -4 -4 -4 -4 -4 -4 -3 -3 -2 -2 -2 ------- Run | Yrd Mat Min Mat Min Exi Min Mat Fac Sto Rec Scr Fac Was Fac Upp Upp Zhi Pro Fac Was Fac Ext Cet Arc Hub Res Qua Res Tes Frg Slots Evolved 16 | . . . 2 . . . 2 2 . . . 4 . . . . . . 2 . . . . . . 2 . 2 . . Power 1 | . . . . . . . . . . . . . . . . . . . . . . . . . . . . 1 . . Propulsion 6 | . . . 1 . . . 1 1 . . . . . . . . . . 1 . . . . . . 1 . 1 . . Utility 9 | . . . 1 . . . 1 1 . . . 4 . . . . . . 1 . . . . . . 1 . . . . Weapon . | . . . . . . . . . . . . . . . . . . . . . . . . . . . . . . . Parts Attached 219 | 2 11 2 25 3 . . 19 27 3 4 9 19 . 7 1 . 2 1 12 . 9 1 2 1 . 7 4 6 3 39 Power 23 | . 3 . 4 . . . 2 2 . . 1 1 . . . . . . 2 . 1 . . . . . 1 1 . 5 Engine 9 | . 3 . 3 . . . 1 2 . . . . . . . . . . . . . . . . . . . . . . Core 10 | . . . 1 . . . 1 . . . 1 1 . . . . . . 2 . . . . . . . . . . 4 Reactor 4 | . . . . . . . . . . . . . . . . . . . . . 1 . . . . . 1 1 . 1 Propulsion 53 | . 2 . 5 2 . . 10 11 1 2 6 . . . . . . . 3 . 1 . . . . 3 . 1 . 6 Treads 32 | . 2 . 5 2 . . 9 10 1 2 1 . . . . . . . . . . . . . . . . . . . Leg . | . . . . . . . . . . . . . . . . . . . . . . . . . . . . . . . Wheel . | . . . . . . . . . . . . . . . . . . . . . . . . . . . . . . . Hover . | . . . . . . . . . . . . . . . . . . . . . . . . . . . . . . . Flight 21 | . . . . . . . 1 1 . . 5 . . . . . . . 3 . 1 . . . . 3 . 1 . 6 Utility 100 | 1 2 1 8 . . . 3 10 1 1 1 15 . 6 1 . 2 1 6 . 7 1 1 1 . 3 1 4 1 22 Device 33 | 1 . . 2 . . . 1 5 1 . . 6 . 1 1 . . 1 1 . 1 1 . 1 . 1 . 2 . 7 Storage 15 | . 2 . 3 . . . . . . . 1 2 . . . . 1 . 2 . 1 . . . . 1 . . . 2 Processor 8 | . . . 1 . . . . 2 . . . 1 . 1 . . . . 1 . . . . . . . . . . 2 Hackware 30 | . . . . . . . . 1 . 1 . 6 . 4 . . . . 1 . 3 . . . . 1 1 2 1 9 Protection 14 | . . 1 2 . . . 2 2 . . . . . . . . 1 . 1 . 2 . 1 . . . . . . 2 Artifact . | . . . . . . . . . . . . . . . . . . . . . . . . . . . . . . . Weapon 43 | 1 4 1 8 1 . . 4 4 1 1 1 3 . 1 . . . . 1 . . . 1 . . 1 2 . 2 6 Energy Gun 3 | . 1 . 1 . . . . . . . . . . . . . . . . . . . 1 . . . . . . . Energy Cannon 1 | . . . . . . . . . . . . . . . . . . . . . . . . . . . . . 1 . Ballistic Gun 17 | 1 2 1 4 . . . 4 2 . . . . . . . . . . . . . . . . . . . . . 3 Ballistic Cannon 5 | . . . 2 . . . . . 1 . . . . . . . . . . . . . . . . . 1 . 1 . Launcher 4 | . . . . 1 . . . 1 . . . 1 . . . . . . . . . . . . . . . . . 1 Special Weapon 6 | . . . . . . . . . . . 1 2 . . . . . . 1 . . . . . . . . . . 2 Impact Weapon 1 | . . . 1 . . . . . . . . . . . . . . . . . . . . . . . . . . . Slashing Weapon 3 | . 1 . . . . . . 1 . . . . . . . . . . . . . . . . . . 1 . . . Piercing Weapon . | . . . . . . . . . . . . . . . . . . . . . . . . . . . . . . . Special Melee Weapon 3 | . . . . . . . . . . 1 . . . 1 . . . . . . . . . . . 1 . . . . Unidentified Prototypes 23 | . . . . . . . 2 2 . . . 1 . . . . 3 . . . . . . . . . 1 . 3 11 Parts Lost 19 | . 1 5 1 . . . 1 9 . . 1 1 . . . . . . . . . . . . . . . . . . Power 2 | . . 1 1 . . . . . . . . . . . . . . . . . . . . . . . . . . . Propulsion 7 | . . 1 . . . . . 5 . . 1 . . . . . . . . . . . . . . . . . . . Utility 5 | . . 2 . . . . 1 2 . . . . . . . . . . . . . . . . . . . . . . Weapon 5 | . 1 1 . . . . . 2 . . . 1 . . . . . . . . . . . . . . . . . . Highest Loss Streak 6 | . 1 5 1 . . . 1 6 . . 1 1 . . . . . . . . . . . . . . . . . . To Critical Strikes . | . . . . . . . . . . . . . . . . . . . . . . . . . . . . . . . Average Backups 17 | 6 13 14 17 25 25 25 24 24 24 25 18 10 10 10 10 10 9 9 10 14 13 14 14 14 14 14 18 18 18 15 Power 1 | 1 1 1 . 2 2 2 2 1 2 2 1 1 1 1 1 1 1 1 1 2 1 1 1 1 1 1 . . . 1 Propulsion 4 | 4 2 2 5 10 10 10 8 9 8 9 6 3 3 3 3 3 2 2 1 1 1 2 2 2 2 1 1 1 1 1 Utility 6 | . 4 4 5 6 6 6 8 7 10 10 7 3 3 3 2 2 2 1 3 7 6 7 7 7 7 8 11 9 10 5 Weapon 3 | 1 2 4 5 6 6 6 6 5 3 3 3 1 3 3 3 3 3 3 2 2 2 1 2 2 2 1 1 2 2 5 Tool/Special . | . . . . . . . . . . . . . . . . . . . . . . . . . . . . . . . Unused Backups 90 | . 8 8 7 . . . 13 6 1 . 7 7 . . . . 1 . 1 . 2 . . . . 3 2 . 5 19 Power 11 | . 1 . . . . . 1 1 1 . 1 2 . . . . . . . . . . . . . . . . 1 3 Propulsion 18 | . 4 2 1 . . . 3 . . . . 1 . . . . 1 . 1 . 1 . . . . 1 . . 2 1 Utility 34 | . 2 3 4 . . . 1 2 . . 6 3 . . . . . . . . 1 . . . . 2 2 . . 8 Weapon 23 | . 1 2 2 . . . 7 3 . . . 1 . . . . . . . . . . . . . . . . 1 6 Tool/Special 4 | . . 1 . . . . 1 . . . . . . . . . . . . . . . . . . . . . 1 1 Average Slot Usage (%) 94 | . 99 98 96 100 100 100 99 99 99 100 90 94 94 98 100 100 100 100 94 94 94 94 93 94 94 94 90 85 85 86 Engine 3 | . 14 13 8 11 11 11 2 6 7 7 2 . . . . . . . . . . . . . . . . . . . Core 2 | . . . 2 . . . 6 . . . 4 5 5 5 5 5 5 5 5 5 . . . . . . . . . 3 Reactor 1 | . . . . . . . . . . . . . . . . . . . . . 4 5 5 5 5 4 4 7 8 1 Treads 16 | . 21 27 32 33 33 33 35 37 38 38 19 . . . . . . . . . . . . . . . . . . . Flight 14 | . . . . . . . . . . . 14 28 29 28 29 29 29 29 26 26 26 26 26 26 26 28 28 26 25 26 Device 10 | . 14 13 9 11 11 11 17 14 14 8 3 10 5 5 5 5 5 5 10 10 10 5 5 5 10 9 13 13 17 14 Storage 7 | . 14 13 10 11 11 11 9 7 7 7 8 5 5 5 5 5 5 5 5 5 5 5 5 5 5 4 4 4 4 4 Processor 6 | . . . 9 . . . . 3 7 7 7 10 11 11 11 11 11 11 10 10 10 10 10 10 10 9 9 8 8 8 Hackware 9 | . . . . . . . . 3 . 5 7 19 23 23 23 23 23 23 21 21 21 21 21 21 21 19 19 16 13 12 Protection 6 | . . . 1 11 11 11 8 7 7 7 7 3 5 4 5 5 5 5 4 5 4 9 10 9 5 8 4 4 4 6 Ballistic Gun 7 | . 17 14 15 21 22 21 17 13 13 13 . . . . . . . . . . . . . . . . . . . 5 Slashing Weapon 2 | . 1 . . . . . . 1 . . 3 4 5 5 5 5 5 5 4 5 5 4 5 5 5 4 3 4 4 . Special Melee Weapon 2 | . . . . . . . . . . . 7 1 . 3 5 5 5 5 5 5 5 4 4 5 5 4 . . . . Peak Build Rating 228 | 7 9 9 22 22 19 21 31 52 52 50 52 79 73 90 91 91 96 94 113 113 119 122 125 124 124 142 161 183 187 228 Average Rating 77 | 6 8 8 16 19 19 19 27 42 50 49 43 69 73 81 90 91 91 91 105 113 116 119 122 123 124 139 157 178 185 199 On Entrance 78 | 6 7 9 3 22 19 19 21 28 52 50 48 52 73 73 90 91 91 92 92 113 113 119 119 124 124 124 142 161 183 187 Naked Turns . | . . . . . . . . . . . . . . . . . . . . . . . . . . . . . . . Heaviest Build 110 | 12 30 29 105 105 101 106 106 107 109 107 110 35 23 25 24 24 24 25 37 36 40 45 44 40 40 61 63 71 70 78 Greatest Support 118 | 20 40 40 66 66 63 63 85 114 114 112 118 31 25 31 31 25 25 31 59 53 59 52 52 52 52 68 71 79 79 81 Greatest Overweight (x) 3 | . . . 1 1 1 1 1 1 1 . 1 1 . . . . . . . . . . . . . . 3 . . 1 Average Overweight (x) . | . . . . 1 1 1 1 . . . . . . . . . . . . . . . . . . . . . . . Largest Inventory Capacity 25 | 8 15 15 25 25 25 25 25 25 25 25 25 15 10 10 10 10 10 10 15 15 15 15 15 15 15 20 20 20 20 25 Average Capacity 19 | 8 13 14 19 25 25 25 25 25 25 25 21 10 10 10 10 10 10 10 11 15 15 15 15 15 15 15 20 20 20 22 Most Carried 25 | 7 15 15 25 25 25 25 25 25 25 25 25 15 10 10 10 10 10 10 15 15 15 15 15 15 15 20 20 20 20 25 Average Carried 18 | 6 13 14 17 25 25 25 24 24 24 25 18 10 10 10 10 10 9 9 11 15 14 15 15 15 15 15 19 19 19 19 Final Capacity 25 | 8 15 5 25 25 25 25 25 25 25 25 15 10 10 10 10 10 10 10 15 15 15 15 15 15 15 20 20 20 20 25 Final Carried 25 | 7 15 5 25 25 25 25 25 25 25 25 15 10 10 10 10 10 10 10 15 15 15 15 15 15 15 20 20 20 20 25 Class Distribution -------------------- 26% | Hacker-Scout 23% | Mutant 18% | Commander-Mutant 13% | Scavenger-Mutant 8% | Hacker-Ninja 3% | Commander-Sprinter Dominant Class ---------------- Mutant | -10/Materials Mutant | -10/Mines Mutant | -9/Materials Mutant | -9/Mines Scavenger-Mutant | -9/Exiles Scavenger-Mutant | -8/Mines Scavenger-Mutant | -8/Materials Mutant | -7/Factory Mutant | -7/Storage Commander-Mutant | -7/Recycling Commander-Mutant | -7/Scraptown Hacker-Scout | -5/Factory Hacker-Scout | -5/Waste Hacker-Scout | -5/Factory Hacker-Scout | -5/Upper Caves Hacker-Scout | -5/Upper Caves Hacker-Scout | -5/Zhirov Hacker-Scout | -4/Proximity Caves Hacker-Ninja | -4/Factory Hacker-Scout | -4/Waste Hacker-Scout | -4/Factory Hacker-Sprinter | -4/Extension Commander-Sprinter | -4/Cetus Commander-Sprinter | -4/Archives Hacker-Scout | -4/Hub_04(d) Hacker-Scout | -3/Research Hacker-Scout | -3/Quarantine Hacker-Scout | -2/Research Hacker-Ninja | -2/Testing Hacker-Scout | -2/Protoforge Resources | -11 -10 -10 -9 -9 -9 -8 -8 -7 -7 -7 -7 -5 -5 -5 -5 -5 -5 -4 -4 -4 -4 -4 -4 -4 -4 -3 -3 -2 -2 -2 ----------- Run | Yrd Mat Min Mat Min Exi Min Mat Fac Sto Rec Scr Fac Was Fac Upp Upp Zhi Pro Fac Was Fac Ext Cet Arc Hub Res Qua Res Tes Frg Matter Collected 10239 | 260 357 53 969 393 . 82 921 1368 456 467 211 431 43 236 20 . 59 40 190 . 293 196 70 4 26 70 60 172 106 2686 Remotely 30 | . . . . . . . . . . . . . . . . . . . . . . . . . . . . . . 30 Salvage Created 14419 | 98 637 105 1463 444 . 119 929 1462 752 878 . 873 71 548 . . 59 80 779 . 330 220 . 112 69 263 447 439 399 2843 Parts 680 | 13 45 13 93 26 . 10 69 75 24 24 . 30 2 8 . . . 1 25 . 9 10 . 11 2 8 13 17 11 141 Haulers Intercepted 25 | . 2 . 6 . . . 3 2 2 . . 2 . 2 . . . . 4 . . . . . . 2 . . . . Recyclers Shooed 14 | . 1 . . . . . 3 4 . 5 . . . . . . . . 1 . . . . . . . . . . . Parts Field Recycled . | . . . . . . . . . . . . . . . . . . . . . . . . . . . . . . . Retrieved Matter . | . . . . . . . . . . . . . . . . . . . . . . . . . . . . . . . Parts Self-Destructed 1 | . . . . . . . . . . . . . . . . . . 1 . . . . . . . . . . . . Prevented . | . . . . . . . . . . . . . . . . . . . . . . . . . . . . . . . Kills | -11 -10 -10 -9 -9 -9 -8 -8 -7 -7 -7 -7 -5 -5 -5 -5 -5 -5 -4 -4 -4 -4 -4 -4 -4 -4 -3 -3 -2 -2 -2 ------- Run | Yrd Mat Min Mat Min Exi Min Mat Fac Sto Rec Scr Fac Was Fac Upp Upp Zhi Pro Fac Was Fac Ext Cet Arc Hub Res Qua Res Tes Frg Combat Hostiles Destroyed 176 | . 14 7 27 11 . 5 20 21 8 6 . 5 . . . . . . . . . 3 . . . . . . 1 48 Melee 8 | . . . . . . . . 1 . . . 4 . . . . . . . . . 1 . . . . . . 1 1 Guns 139 | . 14 7 18 10 . 2 20 17 7 6 . . . . . . . . . . . . . . . . . . . 38 Cannons 11 | . . . 9 . . . . . 1 . . . . . . . . . . . . . . . . . . . . 1 AOE 18 | . . . . 1 . 3 . 3 . . . 1 . . . . . . . . . 2 . . . . . . . 8 Classes Destroyed 23 | 1 7 1 4 1 . . 1 3 . . . . . . . . . . . . . . . . . . . . 1 4 Worker 8 | . 2 . 1 1 . . 2 1 . . . 1 . . . . . . . . . . . . . . . . . . Builder 8 | . 1 . . . . . 1 2 . . . . . . . . . . 1 . . 1 . . . . . 1 1 . Tunneler 6 | 5 . . . . . 1 . . . . . . . . . . . . . . . . . . . . . . . . Hauler 25 | . 2 . 6 . . . 3 2 2 . . 2 . 2 . . . . 4 . . . . . . 2 . . . . Recycler 27 | . . . 2 2 . . 1 3 2 6 . 2 . 2 . . . . . . 1 . . . . . 2 2 2 . Mechanic 2 | . . . 1 . . . 1 . . . . . . . . . . . . . . . . . . . . . . . Operator 9 | . 1 . 2 . . . . . . . . . . . . . . . . . . . . 3 . 1 1 . 1 . Drone 2 | . . . . . . . . . . . . . . . . . . . . . . . . . . . . . 1 1 Watcher 22 | . 3 . 3 . . . 2 . . . . 2 . 1 . . . . . . . . . . . . 3 4 1 3 Swarmer 41 | . 6 6 6 6 . 3 6 . . 1 . . . . . . . . . . . . . . . . . . . 7 Saboteur 1 | . . . . . . . . . . . . . . . . . . . . . . . . . . . . . . 1 Grunt 47 | . 8 . 14 3 . 2 5 8 5 1 . 1 . . . . . . . . . . . . . . . . . . Brawler 4 | . . . 1 . . . . 1 1 . . 1 . . . . . . . . . . . . . . . . . . Duelist 4 | . . . . 1 . . 1 2 . . . . . . . . . . . . . . . . . . . . . . Sentry 37 | . . . 6 1 . . 7 4 2 2 . . . . . . . . . . . 1 . . . . . . . 14 Demolisher 1 | . . 1 . . . . . . . . . . . . . . . . . . . . . . . . . . . . Specialist 2 | . . . . . . . . 2 . . . . . . . . . . . . . . . . . . . . . . Hunter 6 | . . . . . . . 1 . . . . . . . . . . . . . . 2 . . . . . . . 3 Programmer 14 | . . . . . . . . 3 . 2 . 3 . . . . . . . . . . . . . . . . . 6 Heavy 1 | . . . . . . . . 1 . . . . . . . . . . . . . . . . . . . . . . Hotshot 8 | . . . . . . . . . . . . . . . . . . . . . . . . . . . . . . 8 Decapitator 5 | . . . . . . . . . . . . . . . . . . . . . . . . . . . . . . 5 Striker 1 | . . . . . . . . . . . . . . . . . . . . . . . . . . . . . . 1 Executioner 2 | . . . . . . . . . . . . . . . . . . . . . . . . . . . . . . 2 Martyr 1 | . . . . . . . . . . . . . 1 . . . . . . . . . . . . . . . . . Best Kill Streak 6 | 3 4 3 5 3 . 4 6 6 4 6 . 3 . 2 . . . . 1 . 1 3 . 3 . 2 3 1 2 6 Combat Bots Only 6 | . 3 3 5 3 . 3 6 4 2 3 . 2 . . . . . . . . . 2 . . . . . . 1 6 Max Kills in Single Turn 4 | 1 1 2 1 1 . 4 2 2 1 1 . 1 1 1 . . . . 1 . 1 1 . 1 . 1 1 1 1 2 Gunslinging 1 | . . 1 . . . . 1 . . . . . . . . . . . . . . . . . . . . . . . Exploded 3 | . . . . 1 . 3 . 2 . . . 1 . . . . . . . . . 1 . . . . . . . 2 Melee 1 | . . . . . . . . 1 . . . 1 . . . . . . . . . 1 . . . . . . 1 1 Uniques/NPCs Destroyed . | . . . . . . . . . . . . . . . . . . . . . . . . . . . . . . . Combat | -11 -10 -10 -9 -9 -9 -8 -8 -7 -7 -7 -7 -5 -5 -5 -5 -5 -5 -4 -4 -4 -4 -4 -4 -4 -4 -3 -3 -2 -2 -2 -------- Run | Yrd Mat Min Mat Min Exi Min Mat Fac Sto Rec Scr Fac Was Fac Upp Upp Zhi Pro Fac Was Fac Ext Cet Arc Hub Res Qua Res Tes Frg Hostile Shots Fired 907 | . 77 33 91 29 . 13 86 238 61 37 . 31 . 4 . . . 4 9 . 29 10 . . . 14 . 20 10 111 Missed 312 | . 16 11 23 6 . 3 24 69 16 21 . 17 . 2 . . . 3 5 . 17 7 . . . 8 . 8 7 49 Hits 595 | . 61 22 68 23 . 10 62 169 45 16 . 14 . 2 . . . 1 4 . 12 3 . . . 6 . 12 3 62 Melee 6 | . . . . 1 . . 1 2 . . . . . . . . . . . . . . . . . . . . . 2 Projectile 589 | . 61 22 68 22 . 10 61 167 45 16 . 14 . 2 . . . 1 4 . 12 3 . . . 6 . 12 3 60 AOE 17 | . . 12 . . . . . . . . . . . . . . . . . . 2 . . . . . . . . 3 Critical Strikes 19 | . 1 . 1 . . . . 7 1 1 . . . . . . . . . . . . . . . . . . . 8 Actively Blocked 5 | . . . . . . . . . . . . . . . . . . . . . . . . . . . . . . 5 Part Disruptions 3 | . . . . . . . . 1 . . . . . . . . . . . . 1 . . . . . . . . 1 Damage Taken 8683 | . 624 557 698 186 . 77 719 2288 263 119 180 212 . 38 . . . 19 82 . 273 47 . . . 124 . 267 70 1840 Core 999 | . 84 85 112 28 . 3 82 121 35 15 . 18 . . . . . . 18 . 108 . . . . 22 . 22 . 246 Absorbed by Shields 1240 | . . . 144 60 . 40 224 532 168 40 . 10 . . . . . . . . . 22 . . . . . . . . Redirected to Shielding 253 | . . . . . . . . . . . . . . . . . . . . . 17 . . . . . . . . 236 Regen/Repaired (Parts) 1710 | . 182 . 245 . . . . . 135 . . 253 . 161 . . . . 53 . 1 . . . . . 33 311 70 266 Core Remaining (%) 78 | 100 . 32 . . . 64 85 . . . 75 . . . . . . 98 . . . . . . 89 . 98 . . 68 Volleys Fired 641 | 15 57 14 92 25 . 7 69 108 37 40 2 1 . . . . . . . . . 4 2 . . . 4 . . 164 Largest 2 | 2 2 2 2 2 . 2 2 2 2 2 1 1 . . . . . . . . . 1 1 . . . 1 . . 2 Hottest 240 | 60 70 70 85 46 . 46 50 72 62 50 . 39 . . . . . . . . . 39 240 . . . 54 . . 82 Shots Fired 1145 | 30 114 28 179 48 . 12 138 209 72 81 2 1 . . . . . . . . . 4 2 . . . 4 . . 221 Gun 1037 | 30 114 28 137 46 . 10 138 205 62 81 . . . . . . . . . . . . 2 . . . . . . 184 Cannon 80 | . . . 42 . . . . . 10 . . . . . . . . . . . . . . . . . 4 . . 24 Launcher 24 | . . . . 2 . 2 . 4 . . . 1 . . . . . . . . . 4 . . . . . . . 11 Special 4 | . . . . . . . . . . . 2 . . . . . . . . . . . . . . . . . . 2 Kinetic 1036 | 27 88 16 165 46 . 10 138 205 72 81 . . . . . . . . . . . . . . . . 4 . . 184 Thermal 78 | . 26 12 14 . . . . . . . . . . . . . . . . . . . 2 . . . . . . 24 Explosive 24 | . . . . 2 . 2 . 4 . . . 1 . . . . . . . . . 4 . . . . . . . 11 Electromagnetic 3 | 3 . . . . . . . . . . . . . . . . . . . . . . . . . . . . . . Robot Hit Streak 54 | 5 12 11 20 10 . 7 10 14 14 12 1 . . . . . . . . . . . . . . . . . . 54 Robot Miss Streak 5 | 2 2 2 4 2 . 1 5 4 3 3 1 1 . . . . . . . . . . . . . . . . . 4 Penetration Max 1 | . . . . . . . . . . . . . . . . . . . . . . . . . . . . . . 1 Secondary Targets 11 | . 2 2 . . . . 1 4 . . . . . . . . . . . . . . . . . . . . . 2 Max Gunslinging Chain 1 | . 1 1 . . . . 1 1 . . . . . . . . . . . . . . . . . . . . . 1 Shots Hit Robots 1004 | 16 74 20 124 31 . 7 94 157 52 57 3 24 8 28 . . 4 2 43 . 26 31 2 6 8 10 9 8 8 152 Core Hits 464 | 8 37 11 58 19 . 8 54 66 23 20 . 17 3 7 . . . 1 12 . 6 6 . 2 . 4 3 3 3 93 Critical Kills 32 | . . . . . . . . 1 1 . . . . . . . . . . . . . . . . . . . . 30 Critical Parts Destroyed 25 | . 1 . . 1 . . 1 1 1 1 . . . . . . . . . . . . . . . . . . . 19 Critical Strikes 88 | . 2 1 5 1 . . 1 2 3 1 . 2 1 5 . . . . . . 1 . . . . 1 . . . 62 Burn 5 | . 1 1 3 . . . . . . . . . . . . . . . . . . . . . . . . . . . Destroy 70 | . 1 . . 1 . . 1 2 2 1 . . . . . . . . . . . . . . . . . . . 62 Blast 3 | . . . 2 . . . . . 1 . . . . . . . . . . . . . . . . . . . . . Sever 10 | . . . . . . . . . . . . 2 1 5 . . . . . . 1 . . . . 1 . . . . Melee Attacks 599 | . 6 4 1 . . . 1 22 . . 2 70 11 82 4 6 4 8 85 . 66 43 3 6 21 47 32 34 25 16 Impact 2 | . . . 1 . . . 1 . . . . . . . . . . . . . . . . . . . . . . . Slashing 522 | . 6 4 . . . . . 22 . . . 67 11 79 4 6 1 8 67 . 54 19 1 5 18 44 31 34 25 16 Piercing . | . . . . . . . . . . . . . . . . . . . . . . . . . . . . . . . Sneak Attacks 96 | . . . . . . . . 1 . . 2 10 8 9 . . 3 . 14 . 3 22 1 4 . 4 5 5 4 1 Combat Hostiles 3 | . . . . . . . . . . . . 2 . . . . . . . . . . . . . . . . 1 . Follow-up Attacks . | . . . . . . . . . . . . . . . . . . . . . . . . . . . . . . . Damage Inflicted 30616 | 174 1004 216 2022 659 . 252 1903 3530 985 1171 . 1562 516 1285 . . 68 147 2079 . 1192 818 . 477 348 514 1271 1140 1182 6101 Guns 13284 | 169 931 216 1440 485 . 104 1772 2618 764 1125 . . . . . . . . . . . . . . . . . . . 3660 Cannons 1295 | . . . 574 . . . . . 207 . . . . . . . . . . . . . . . . . . . . 514 Explosions 3144 | . . . . 130 . 135 . 550 . . . 252 . . . . . . . . . 346 . . . . . . . 1731 Melee 12521 | . . . . . . . . 324 . . . 1310 516 1285 . . 68 147 2079 . 1192 472 . 477 348 514 1271 1140 1182 196 Ramming 372 | 5 73 . 8 44 . 13 131 38 14 46 . . . . . . . . . . . . . . . . . . . . Kinetic 13505 | 154 682 84 1850 485 . 104 1772 2618 971 1125 . . . . . . . . . . . . . . . . . . . 3660 Thermal 1073 | . 249 132 164 . . 14 . . . . . . . . . . . . . . . . . . . . . . . 514 Explosive 3130 | . . . . 130 . 121 . 550 . . . 252 . . . . . . . . . 346 . . . . . . . 1731 Electromagnetic 15 | 15 . . . . . . . . . . . . . . . . . . . . . . . . . . . . . . Impact . | . . . . . . . . . . . . . . . . . . . . . . . . . . . . . . . Slashing 12521 | . . . . . . . . 324 . . . 1310 516 1285 . . 68 147 2079 . 1192 472 . 477 348 514 1271 1140 1182 196 Piercing . | . . . . . . . . . . . . . . . . . . . . . . . . . . . . . . . Highest Corruption 9 | . . . . . . . . 6 6 6 6 . . 2 2 2 2 2 1 1 2 2 2 2 . . . 1 . 9 Average Corruption 2 | . . . . . . . . 2 6 6 6 . . 2 2 2 2 2 1 1 1 2 2 1 . . . 1 . 2 Corruption Purged 19 | . . . . . . . . . . . . . . . . . . . . . . . . 2 . . . 1 . 16 Corruption Blocked . | . . . . . . . . . . . . . . . . . . . . . . . . . . . . . . . Effects 181 | . . . . . . . . 18 11 41 23 . . 16 2 2 . 1 3 . 12 6 . 1 . . . . . 45 Message Errors 43 | . . . . . . . . 5 2 5 7 . . 5 1 . . . 2 . 4 1 . . . . . . . 11 Matter Fused 51 | . . . . . . . . 4 2 16 6 . . 6 . 1 . 1 . . 4 . . . . . . . . 11 Heat Flow Errors 19 | . . . . . . . . 2 . 5 4 . . 2 1 . . . . . 2 . . . . . . . . 3 Energy Discharges 22 | . . . . . . . . 2 3 2 2 . . . . . . . 1 . 1 1 . . . . . . . 10 Parts Rejected 2 | . . . . . . . . . . . . . . . . . . . . . . 1 . . . . . . . 1 Parts Fused 3 | . . . . . . . . . 1 . . . . . . . . . . . . . . . . . . . . 2 Data Loss (minor) 24 | . . . . . . . . 3 1 11 2 . . 1 . 1 . . . . . 2 . . . . . . . 3 Data Loss (major) 6 | . . . . . . . . . . 1 . . . 1 . . . . . . 1 . . . . . . . . 3 Misfires 2 | . . . . . . . . 1 . 1 . . . . . . . . . . . . . . . . . . . . Alerts 6 | . . . . . . . . . . . 2 . . 1 . . . . . . . 1 . 1 . . . . . 1 Weapon Failures 3 | . . . . . . . . 1 2 . . . . . . . . . . . . . . . . . . . . . Overload Shots 2 | . . . . . . . . . . . . . . . . . . . . . . . 2 . . . . . . . Overflow Damage 3348 | . 2 . . . . . 8 6 . . . 136 78 147 . . 45 44 291 . 229 112 . 189 143 96 488 482 515 337 Projectiles 103 | . . . . . . . . . . . . . . . . . . . . . . . . . . . . . . 103 Explosions 93 | . . . . . . . . . . . . . . . . . . . . . . . . . . . . . . 93 Melee 3152 | . 2 . . . . . 8 6 . . . 136 78 147 . . 45 44 291 . 229 112 . 189 143 96 488 482 515 141 Knockbacks 10 | . 1 . 3 . . . 2 . 4 . . . . . . . . . . . . . . . . . . . . . Impact 3 | . 1 . . . . . 2 . . . . . . . . . . . . . . . . . . . . . . . Kinetic 5 | . . . 2 . . . . . 3 . . . . . . . . . . . . . . . . . . . . . Secondary 2 | . . . 1 . . . . . 1 . . . . . . . . . . . . . . . . . . . . . Self-Inflicted Damage . | . . . . . . . . . . . . . . . . . . . . . . . . . . . . . . . Shots . | . . . . . . . . . . . . . . . . . . . . . . . . . . . . . . . Rammed 42 | . 12 . 3 7 . 3 10 2 1 4 . . . . . . . . . . . . . . . . . . . . Targets Rammed 48 | 3 12 . 4 7 . 3 12 2 1 4 . . . . . . . . . . . . . . . . . . . . Kicked 3 | 3 . . . . . . . . . . . . . . . . . . . . . . . . . . . . . . Crushed 3 | . . . 1 . . . 2 . . . . . . . . . . . . . . . . . . . . . . . Highest Temperature 298 | . 40 40 147 19 . 15 16 298 165 215 236 60 . 220 196 . . 99 82 122 152 1 190 . 1 100 21 105 178 174 Average Temperature 40 | . 14 17 23 7 . 8 5 46 59 65 91 27 . 62 73 . . 70 23 45 50 1 98 . 1 19 20 32 38 48 Received Heat Transfer 1434 | . 189 . 237 45 . 31 154 384 142 9 . 39 . 18 . . . . . . 33 9 . . . 9 . 9 . 126 Effects 1 | . . . . . . . . . . . . . . 1 . . . . . . . . . . . . . . . . Energy Bleed 1 | . . . . . . . . . . . . . . 1 . . . . . . . . . . . . . . . . Siege Activations . | . . . . . . . . . . . . . . . . . . . . . . . . . . . . . . . Martial Activations . | . . . . . . . . . . . . . . . . . . . . . . . . . . . . . . . Shielding Activations . | . . . . . . . . . . . . . . . . . . . . . . . . . . . . . . . Robots Disrupted . | . . . . . . . . . . . . . . . . . . . . . . . . . . . . . . . Combat Hostiles . | . . . . . . . . . . . . . . . . . . . . . . . . . . . . . . . Robots Corrupted 1 | . 1 . . . . . . . . . . . . . . . . . . . . . . . . . . . . . Combat Hostiles . | . . . . . . . . . . . . . . . . . . . . . . . . . . . . . . . Parts Fried 2 | . 2 . . . . . . . . . . . . . . . . . . . . . . . . . . . . . Impact Corruptions 3 | . 1 . . . . . 2 . . . . . . . . . . . . . . . . . . . . . . . Robots Melted . | . . . . . . . . . . . . . . . . . . . . . . . . . . . . . . . Combat Hostiles . | . . . . . . . . . . . . . . . . . . . . . . . . . . . . . . . Parts Melted 1 | . . . . 1 . . . . . . . . . . . . . . . . . . . . . . . . . . Heat Transferred 2233 | . 777 444 592 . . 50 . . . . . . . . . . . . . . . . . . . . . . . 370 Parts Sabotaged . | . . . . . . . . . . . . . . . . . . . . . . . . . . . . . . . Parts Stolen . | . . . . . . . . . . . . . . . . . . . . . . . . . . . . . . . Parts Stripped . | . . . . . . . . . . . . . . . . . . . . . . . . . . . . . . . Power Chain Reactions . | . . . . . . . . . . . . . . . . . . . . . . . . . . . . . . . Alert | -11 -10 -10 -9 -9 -9 -8 -8 -7 -7 -7 -7 -5 -5 -5 -5 -5 -5 -4 -4 -4 -4 -4 -4 -4 -4 -3 -3 -2 -2 -2 ------- Run | Yrd Mat Min Mat Min Exi Min Mat Fac Sto Rec Scr Fac Was Fac Upp Upp Zhi Pro Fac Was Fac Ext Cet Arc Hub Res Qua Res Tes Frg Maximum Alert Level 4 | . . . 2 . . . . 1 1 . . 2 1 1 . . . . 1 . . 2 1 . 2 . . . . 4 Low Security (%) 75 | 100 100 100 75 100 . 100 100 85 85 100 . 18 97 74 . . . . 71 100 100 68 34 100 74 100 100 100 100 13 Level 1 11 | . . . 17 . . . . 14 14 . . 68 2 25 . . . . 28 . . 29 65 . 13 . . . . 3 Level 2 2 | . . . 7 . . . . . . . . 13 . . . . . . . . . 1 . . 12 . . . . 3 Level 3 2 | . . . . . . . . . . . . . . . . . . . . . . . . . . . . . . 13 Level 4 9 | . . . . . . . . . . . . . . . . . . . . . . . . . . . . . . 65 Level 5 . | . . . . . . . . . . . . . . . . . . . . . . . . . . . . . . . High Security . | . . . . . . . . . . . . . . . . . . . . . . . . . . . . . . . Max Security . | . . . . . . . . . . . . . . . . . . . . . . . . . . . . . . . Peak Influence 1528 | 10 141 130 417 166 . 80 168 305 269 167 . 504 201 367 . . . . 394 137 95 477 310 172 453 154 61 131 183 1528 Initial 176 | . . 10 . 152 . . 1 16 135 100 . . 176 77 . . . . . 137 95 . 105 112 . 13 40 4 69 45 Average 232 | 2 43 41 140 80 . 15 39 85 176 59 . 235 162 147 . . . . 105 137 32 171 217 47 179 46 15 63 108 1057 Influence Increases 15356 | 25 519 171 911 374 . 167 681 742 341 370 . 1368 85 1032 . . 5 65 910 . 403 879 357 190 845 454 215 388 443 3416 Destroy 0b10 Robot/C 6020 | . 280 140 540 240 . 100 400 420 200 120 . 620 . 240 . . . . 280 . 60 400 160 80 260 . . . . 1480 Destroy 0b10 Robot/NC 740 | 25 45 . 75 15 . 5 50 40 20 35 . 55 . 45 . . 5 5 70 . 30 30 10 15 25 20 30 35 30 25 Destroy Leader 1258 | . 70 30 158 30 . 20 130 124 44 . . 134 . 80 . . . . 84 . 20 42 . . 74 6 6 8 2 196 Allied During Kill 1814 | . . . . 2 . . . . 10 2 . 96 . 225 . . . . 61 . 9 293 170 95 308 . . . . 543 Trap Triggered on 0b10 60 | . . . . . . . . . . . . . . 10 . . . . 30 . . 10 . . . 10 . . . . Successful Hack 766 | . 39 . 30 . . 6 23 12 6 33 . 19 . 103 . . . . 47 . 36 26 . . 33 56 58 63 72 104 Select Force Hacks 440 | . 60 . . . . . 30 . . 180 . 30 . 30 . . . . 30 . . . . . 50 30 . . . . Disable Machine 945 | . . . 15 . . 30 45 60 30 . . 135 . 15 . . . . 15 . 15 . 15 . 15 30 45 . 60 420 Destroy Structure 898 | . 10 1 3 12 . 6 3 26 1 . . 144 70 74 . . . . 68 . 68 48 2 . 50 62 46 72 39 93 Partial Spotted 1035 | . . . 15 . . . . . . . . 105 15 105 . . . . 165 . 120 . . . 30 75 30 90 120 165 Lose Combat Pursuer 1380 | . 15 . 75 75 . . . 60 30 . . 30 . 105 . . . 60 60 . 45 30 . . . 165 . 120 120 390 Influence Decreases 13921 | 25 490 200 520 747 18 163 648 480 382 628 . 864 478 1002 141 . 5 65 516 257 538 692 264 472 818 409 279 273 484 2063 Entered New Map 1733 | . . 19 . 239 18 . 3 21 164 158 . . 328 34 53 . . . . 257 42 2 84 170 . 14 32 4 54 37 Time Decay 8049 | 25 480 158 510 508 . 163 497 369 198 450 . 464 130 458 88 . 5 65 406 . 382 350 120 202 308 221 234 222 270 766 Lost Part 152 | . 10 22 10 . . . 10 90 . . . 10 . . . . . . . . . . . . . . . . . . Lost Ally 1591 | . . 1 . . . . . . 20 20 . 240 20 360 . . . . 110 . 40 40 60 100 210 . . . 10 360 Purge Threat 2396 | . . . . . . . 138 . . . . 150 . 150 . . . . . . 74 300 . . 300 174 13 47 150 900 Squads Dispatched 133 | . 3 . 3 . . 1 3 8 5 . . 18 . 17 . . . . 17 . 15 . . . 8 11 3 6 5 10 Investigation 61 | . 2 . . . . . 1 . . . . 10 . 9 . . . . 14 . 9 . . . 1 8 . 3 1 3 Extermination 33 | . . . . . . . . 3 1 . . 5 . 3 . . . . 2 . 5 . . . 2 . 3 3 4 2 Reinforcement 27 | . 1 . 3 . . 1 1 3 2 . . 3 . 2 . . . . 1 . 1 . . . 1 3 . . . 5 Assault 5 | . . . . . . . . 2 2 . . . . . . . . . . . . . . . 1 . . . . . Garrison 7 | . . . . . . . 1 . . . . . . 3 . . . . . . . . . . 3 . . . . . Intercept . | . . . . . . . . . . . . . . . . . . . . . . . . . . . . . . . Searches Triggered . | . . . . . . . . . . . . . . . . . . . . . . . . . . . . . . . Construction Impeded 2 | . . . . . . 1 . . . . . 1 . . . . . . . . . . . . . . . . . . Haulers Reinforced 3 | . . . . . . . . 1 . . . 1 . 1 . . . . . . . . . . . . . . . . Active Scanning Responses . | . . . . . . . . . . . . . . . . . . . . . . . . . . . . . . . Cargo Convoy Interrupts 1 | . . . . . . . . 1 . . . . . . . . . . . . . . . . . . . . . . Stealth | -11 -10 -10 -9 -9 -9 -8 -8 -7 -7 -7 -7 -5 -5 -5 -5 -5 -5 -4 -4 -4 -4 -4 -4 -4 -4 -3 -3 -2 -2 -2 --------- Run | Yrd Mat Min Mat Min Exi Min Mat Fac Sto Rec Scr Fac Was Fac Upp Upp Zhi Pro Fac Was Fac Ext Cet Arc Hub Res Qua Res Tes Frg Distress Signals 41 | . 1 . 3 . . . 2 2 2 . . 2 1 3 . . . . 5 . 2 2 . . 3 5 . 1 1 6 Communications Jammed 51 | . . . . . . . . 14 . . . 17 . . . . . . . . . . . . . . . . 3 17 Distress Signals 34 | . . . . . . . . 14 . . . . . . . . . . . . . . . . . . . . 3 17 Times Spotted 525 | . 23 16 47 17 . 4 30 28 17 3 . 40 5 18 . . . 9 35 5 21 22 10 5 8 20 2 20 14 106 Peak Tracking Total 15 | . 4 15 5 4 . 3 4 8 4 1 . 5 5 4 . . . 8 6 5 5 3 5 2 4 9 1 7 4 7 Tactical Retreats 62 | . 1 1 4 3 . . . 2 2 . . 6 . 4 . . . 2 8 . 5 1 . . . 3 . 3 4 13 Traps | -11 -10 -10 -9 -9 -9 -8 -8 -7 -7 -7 -7 -5 -5 -5 -5 -5 -5 -4 -4 -4 -4 -4 -4 -4 -4 -3 -3 -2 -2 -2 ------- Run | Yrd Mat Min Mat Min Exi Min Mat Fac Sto Rec Scr Fac Was Fac Upp Upp Zhi Pro Fac Was Fac Ext Cet Arc Hub Res Qua Res Tes Frg Traps Triggered 30 | . . . . . . . . 1 . . 1 2 . 3 . . . . 3 . 1 . . . . . . . 1 18 Indirectly . | . . . . . . . . . . . . . . . . . . . . . . . . . . . . . . . Trap Hack Attempts 59 | . . . . . . . . . . . . . . . . . . . 35 . . 23 . . . 1 . . . . Triggered . | . . . . . . . . . . . . . . . . . . . . . . . . . . . . . . . Disarmed 8 | . . . . . . . . . . . . . . . . . . . 2 . . . . . . 6 . . . . Reprogrammed 16 | . . . . . . . . . . . . . . 4 . . . . 4 . . 7 . . . 1 . . . . Reused 6 | . . . . . . . . . . . . . . 1 . . . . 3 . . 1 . . . 1 . . . . Traps Extracted . | . . . . . . . . . . . . . . . . . . . . . . . . . . . . . . . Installed 1 | . . . . . . . . . . . 1 . . . . . . . . . . . . . . . . . . . Triggered 6 | . . . . . . . . . . . . . . 1 . . . . 3 . . 1 . . . 1 . . . . Most Traps Carried 1 | . . . . . . . . . . . 1 1 . . . . . . . . . . . . . . . . . . Machines | -11 -10 -10 -9 -9 -9 -8 -8 -7 -7 -7 -7 -5 -5 -5 -5 -5 -5 -4 -4 -4 -4 -4 -4 -4 -4 -3 -3 -2 -2 -2 ---------- Run | Yrd Mat Min Mat Min Exi Min Mat Fac Sto Rec Scr Fac Was Fac Upp Upp Zhi Pro Fac Was Fac Ext Cet Arc Hub Res Qua Res Tes Frg Machines Disabled 73 | . . . 1 . . 2 3 4 2 . . 9 . 1 1 . . . 1 . 1 3 1 . 1 2 3 . 4 34 Max in Single Turn 3 | . . . 1 . . 1 1 1 1 . . . . 1 1 . . . 1 . 1 2 1 . . 1 1 . 1 3 Garrison Access 19 | . . . . . . . . 1 1 . . 2 . 1 . . . . 4 . 2 . . . . 4 . 2 1 1 Network Hub 2 | . . . . . . . . . . . . . . . . . . . . . . . . . 2 . . . . . Machines Repaired . | . . . . . . . . . . . . . . . . . . . . . . . . . . . . . . . Machines Dismantled . | . . . . . . . . . . . . . . . . . . . . . . . . . . . . . . . Machines Sabotaged 1 | . . . . . . . . . . . . . . . . . . . . . . . . . 1 . . . . . Overloaded Fab Kills . | . . . . . . . . . . . . . . . . . . . . . . . . . . . . . . . Hacking | -11 -10 -10 -9 -9 -9 -8 -8 -7 -7 -7 -7 -5 -5 -5 -5 -5 -5 -4 -4 -4 -4 -4 -4 -4 -4 -3 -3 -2 -2 -2 --------- Run | Yrd Mat Min Mat Min Exi Min Mat Fac Sto Rec Scr Fac Was Fac Upp Upp Zhi Pro Fac Was Fac Ext Cet Arc Hub Res Qua Res Tes Frg Machines Accessed 254 | . 10 . 9 1 1 1 6 5 3 12 4 27 . 23 . . 4 . 30 . 23 12 1 . 9 22 12 12 11 16 Terminals 135 | . 7 . 7 1 . 1 5 4 1 6 . 9 . 10 . . . . 11 . 12 12 1 . 9 9 9 5 8 8 Fabricators 26 | . . . . . . . . . . . . 5 . 2 . . . . 5 . 4 . . . . 4 . 2 . 4 Repair Stations 14 | . 1 . 2 . . . . . 1 . . 2 . 2 . . . . 2 . 1 . . . . 1 1 1 . . Recycling Units 40 | . 2 . . . . . 1 . . 6 . 7 . 7 . . . . 7 . 4 . . . . 2 . 1 . 3 Scanalyzers 11 | . . . . . . . . . . . . 2 . 1 . . . . 1 . . . . . . 2 2 1 2 . Garrison Access 19 | . . . . . . . . 1 1 . . 2 . 1 . . . . 4 . 2 . . . . 4 . 2 1 1 Total Hacks 882 | . 22 . 31 2 1 5 14 12 10 26 9 92 . 89 . . 17 . 96 . 78 44 3 . 40 74 43 54 45 75 Successful 655 | . 17 . 17 . 1 2 9 1 6 17 9 64 . 68 . . 17 . 79 . 59 32 . . 34 51 30 47 36 59 Failed 226 | . 5 . 14 2 . 3 5 11 4 9 . 27 . 21 . . . . 17 . 19 12 3 . 6 23 13 7 9 16 Catastrophic 26 | . 1 . 1 1 . . 3 2 . . . . . 2 . . . . 4 . 1 . . . . 4 2 1 . 4 Database Lockouts 1 | . . . . . . . . . . . . 1 . . . . . . . . . . . . . . . . . . Manual 485 | . 15 . 19 2 . 5 12 8 1 21 . 58 . 43 . . . . 56 . 49 29 1 . 23 34 26 21 21 41 Terminals 587 | . 15 . 20 2 . 5 13 9 2 20 . 52 . 54 . . . . 62 . 47 44 3 . 40 48 36 32 35 48 Fabricators 95 | . . . . . . . . . . . . 13 . 5 . . . . 13 . 18 . . . . 10 . 14 . 22 Repair Stations 48 | . 4 . 11 . . . . . 7 . . 6 . 8 . . . . 4 . 1 . . . . 2 2 3 . . Recycling Units 68 | . 3 . . . . . 1 . . 6 . 11 . 18 . . . . 12 . 8 . . . . 3 . 2 . 4 Scanalyzers 28 | . . . . . . . . . . . . 6 . 1 . . . . 1 . . . . . . 6 5 1 8 . Garrison Access 29 | . . . . . . . . 3 1 . . 4 . 3 . . . . 4 . 4 . . . . 5 . 2 2 1 Terminal Hacks 270 | . 3 . 3 . 1 2 2 . 1 3 9 21 . 30 . . 17 . 28 . 17 22 . . 24 22 13 15 13 24 Record 11 | . . . . . 1 . . . . . 4 . . . . . 5 . . . . . . . . . 1 . . . Part Schematic 28 | . . . . . . . . . . 1 . 1 . 6 . . 4 . 2 . . 4 . . . 6 2 . 1 1 Robot Schematic 3 | . . . . . . . . . . . . . . 1 . . . . . . . . . . . 1 1 . . . Robot Analysis 21 | . 2 . 1 . . . . . . . 4 . . . . . 4 . 1 . . 6 . . 1 . 2 . . . Prototype ID Bank 43 | . 1 . 1 . . 2 . . . 2 . 10 . 4 . . 4 . 2 . 1 4 . . 3 3 1 2 2 1 Open Door 5 | . . . . . . . . . 1 . . . . . . . . . . . 1 3 . . . . . . . . Level Access Points 4 | . . . . . . . . . . . . . . 1 . . . . 1 . . . . . 1 1 . . . . Branch Access Points 5 | . . . 1 . . . . . . . . . . 1 . . . . . . 1 . . . . 1 . 1 . . Emergency Access Points 6 | . . . . . . . . . . . . 1 . . . . . . . . . . . . 1 . 1 2 . 1 Machine Index 7 | . . . . . . . . . . . . . . . . . . . 1 . . . . . 1 1 1 1 1 1 Terminal Index 2 | . . . . . . . . . . . . . . . . . . . . . 1 . . . 1 . . . . . Alert Level 8 | . . . . . . . . . . . . . . 1 . . . . . . . 1 . . 2 1 . . . 3 Unreport Threat 19 | . . . . . . . 1 . . . . 1 . 1 . . . . . . 1 2 . . 2 2 1 1 1 6 Locate Traps 16 | . . . . . . . 1 . . . . 1 . 3 . . . . 2 . . . . . 1 . . 1 3 4 Disarm Traps 1 | . . . . . . . . . . . . . . . . . . . . . . . . . . 1 . . . . Reprogram Traps 1 | . . . . . . . . . . . . . . 1 . . . . . . . . . . . . . . . . Dispatch Records 1 | . . . . . . . . . . . . . . . . . . . . . . . . . . 1 . . . . Maintenance Status 6 | . . . . . . . . . . . . 1 . 1 . . . . 2 . . . . . 1 . . . . 1 Surveillance Status 2 | . . . . . . . . . . . . . . . . . . . . . . . . . . 1 . . . 1 Patrol Status 7 | . . . . . . . . . . . . . . . . . . . 1 . . 1 . . 1 1 . 1 1 1 Recall Investigation 12 | . . . . . . . . . . . . 2 . 3 . . . . 6 . . . . . . 1 . . . . Recall Extermination 18 | . . . . . . . . . . . . 3 . 2 . . . . 2 . 4 . . . 1 . 2 1 3 . Recall Reinforcements 1 | . . . . . . . . . . . . . . . . . . . . . . . . . 1 . . . . . Recall Assault 1 | . . . . . . . . . . . . . . . . . . . . . . . . . 1 . . . . . Hauler Manifests 4 | . . . . . . . . . . . . . . . . . . . 1 . 1 . . . . . 1 . 1 . Registered Components 4 | . . . . . . . . . . . . . . 1 . . . . 1 . 1 . . . . . . 1 . . Registered Prototypes 3 | . . . . . . . . . . . . . . 1 . . . . 1 . . . . . . . . 1 . . Zone Layout 29 | . . . . . . . . . . . . 1 . 3 . . . . 5 . 6 1 . . 6 1 . 3 . 3 Proto ID Catalog 2 | . . . . . . . . . . . 1 . . . . . . . . . . . . . . . . . . 1 Fabricator Hacks 59 | . . . . . . . . . . . . 7 . 3 . . . . 8 . 11 . . . . 4 . 8 . 18 Network Status 4 | . . . . . . . . . . . . 1 . . . . . . 1 . 1 . . . . . . 1 . . Load Schematic 36 | . . . . . . . . . . . . 4 . 2 . . . . 5 . 7 . . . . 4 . 5 . 9 Build 19 | . . . . . . . . . . . . 2 . 1 . . . . 2 . 3 . . . . . . 2 . 9 Repair Station Hacks 34 | . 4 . 7 . . . . . 4 . . 4 . 6 . . . . 4 . . . . . . 1 2 2 . . Scan Component 19 | . 2 . 4 . . . . . 3 . . 2 . 3 . . . . 2 . . . . . . 1 1 1 . . Repair 15 | . 2 . 3 . . . . . 1 . . 2 . 3 . . . . 2 . . . . . . . 1 1 . . Recycling Unit Hacks 12 | . . . . . . . . . . . . . . 6 . . . . 3 . 1 . . . . 1 . 1 . . Retrieve Components 12 | . . . . . . . . . . . . . . 6 . . . . 3 . 1 . . . . 1 . 1 . . Scanalyzer 21 | . . . . . . . . . . . . 5 . . . . . . . . . . . . . 5 4 1 6 . Insert Component 13 | . . . . . . . . . . . . 3 . . . . . . . . . . . . . 4 2 1 3 . Analyze 8 | . . . . . . . . . . . . 2 . . . . . . . . . . . . . 1 2 . 3 . Garrison Access Hacks 18 | . . . . . . . . . 1 . . 2 . 1 . . . . 4 . 2 . . . . 4 . 2 1 1 Seal Access 18 | . . . . . . . . . 1 . . 2 . 1 . . . . 4 . 2 . . . . 4 . 2 1 1 Unauthorized Hacks 240 | . 9 . 7 . . . 7 1 . 14 . 25 . 22 . . . . 32 . 28 10 . . 10 14 11 18 16 16 Terminals 162 | . 7 . 7 . . . 6 1 . 8 . 13 . 13 . . . . 19 . 15 10 . . 10 6 10 12 16 9 Track 22 | . . . . . . . . . . . . 2 . 1 . . . . 4 . 1 . . . . 2 2 3 3 4 Assimilate 9 | . . . . . . . . . . . . 1 . 3 . . . . 2 . . . . . 1 . . . 2 . Botnet 37 | . 2 . 1 . . . 1 1 . 3 . 4 . 1 . . . . 4 . 4 2 . . 2 3 2 3 3 1 Disrupt 10 | . . . . . . . . . . . . . . 1 . . . . 1 . . 2 . . . . . 1 2 3 Operators 14 | . . . . . . . 1 . . . . . . 2 . . . . 1 . 3 1 . . 1 1 1 1 1 1 Skim 69 | . 5 . 6 . . . 4 . . 5 . 6 . 5 . . . . 7 . 7 5 . . 5 . 5 4 5 . Sabotage 1 | . . . . . . . . . . . . . . . . . . . . . . . . . 1 . . . . . Fabricators 30 | . . . . . . . . . . . . 4 . 2 . . . . 5 . 6 . . . . 4 . 5 . 4 Prioritize 11 | . . . . . . . . . . . . 1 . 2 . . . . 1 . 1 . . . . . . 2 . 4 Liberate 1 | . . . . . . . . . . . . . . . . . . . . . 1 . . . . . . . . . Haulers 2 | . . . . . . . . . . . . 1 . . . . . . . . . . . . . . . 1 . . Recompile 16 | . . . . . . . . . . . . 2 . . . . . . 4 . 4 . . . . 4 . 2 . . Repair Stations 2 | . . . . . . . . . . . . . . . . . . . . . 1 . . . . 1 . . . . Mechanics 1 | . . . . . . . . . . . . . . . . . . . . . . . . . . 1 . . . . Patch 1 | . . . . . . . . . . . . . . . . . . . . . 1 . . . . . . . . . Recycling Units 41 | . 2 . . . . . 1 . . 6 . 7 . 6 . . . . 7 . 6 . . . . 2 . 1 . 3 Recyclers 1 | . . . . . . . . . . . . . . . . . . . . . 1 . . . . . . . . . Mask 1 | . . . . . . . . . . . . . . . . . . . . . 1 . . . . . . . . . Tunnel 9 | . 2 . . . . . 1 . . 6 . . . . . . . . . . . . . . . . . . . . Fedlink 28 | . . . . . . . . . . . . 7 . 6 . . . . 7 . 4 . . . . 2 . 1 . 1 Scraphulk 2 | . . . . . . . . . . . . . . . . . . . . . . . . . . . . . . 2 Scanalyzers 5 | . . . . . . . . . . . . 1 . 1 . . . . 1 . . . . . . 1 1 . . . Researchers 1 | . . . . . . . . . . . . . . . . . . . . . . . . . . . 1 . . . Extract 4 | . . . . . . . . . . . . 1 . 1 . . . . 1 . . . . . . 1 . . . . Garrison Access . | . . . . . . . . . . . . . . . . . . . . . . . . . . . . . . . Data Cores Recovered 3 | . . . . . . . . . . . . . . 1 . . . . . . . . . . . . 1 . 1 . Used . | . . . . . . . . . . . . . . . . . . . . . . . . . . . . . . . Hacking Detections 140 | . 7 . 8 1 . 1 5 5 2 6 . 14 . 17 . . . . 14 . 11 6 1 . 6 10 6 6 6 8 Full Trace Events 3 | . . . . . . . . . . . . . . 2 . . . . 1 . . . . . . . . . . . Feedback Events . | . . . . . . . . . . . . . . . . . . . . . . . . . . . . . . . Feedback Blocked . | . . . . . . . . . . . . . . . . . . . . . . . . . . . . . . . Robot Schematics Acquired 6 | . . . . . . . . . . . . . . 1 . . . . . . . . . . . 1 1 . . 3 Robots Built 20 | . . . . . . . . . . . . . . . . . . . . . . . . . . . . . . 20 Authchips 9 | . . . . . . . . . . . . . . . . . . . . . . . . . . . . . . 9 Time 469 | . . . . . . . . . . . . . . . . . . . . . . . . . . . . . . 469 Total Robot Build Rating 168 | . . . . . . . . . . . . . . . . . . . . . . . . . . . . . . 168 Part Schematics Acquired 73 | . . . . . . . . . . 1 1 4 . 15 . . 4 . 17 . . 4 . . . 15 3 . 3 6 Parts Built 12 | . . . . . . . . . . . . 2 . 2 . . . . 3 . 3 . . . . . . 2 . . Authchips 8 | . . . . . . . . . . . . 2 . . . . . . 1 . 3 . . . . . . 2 . . Time 644 | . . . . . . . . . . . . 228 . 29 . . . . 78 . 122 . . . . . . 187 . . Total Part Build Rating 78 | . . . . . . . . . . . . 10 . 14 . . . . 23 . 17 . . . . . . 14 . . Parts Repaired 15 | . 2 . 3 . . . . . 1 . . 2 . 3 . . . . 2 . . . . . . . 1 1 . . Time 550 | . 52 . 84 . . . . . 60 . . 92 . 87 . . . . 105 . . . . . . . 34 36 . . Parts Recycled . | . . . . . . . . . . . . . . . . . . . . . . . . . . . . . . . Recycled Matter . | . . . . . . . . . . . . . . . . . . . . . . . . . . . . . . . Retrieved Matter . | . . . . . . . . . . . . . . . . . . . . . . . . . . . . . . . Retrieved Components 41 | . . . . . . . . . . . . . . 15 . . . . 7 . . . . . . 10 . 9 . . Parts Scanalyzed 6 | . . . . . . . . . . . . 2 . . . . . . . . . . . . . 1 1 . 2 . Part Schematics Acquired 6 | . . . . . . . . . . . . 2 . . . . . . . . . . . . . 1 1 . 2 . Parts Damaged . | . . . . . . . . . . . . . . . . . . . . . . . . . . . . . . . Bothacking | -11 -10 -10 -9 -9 -9 -8 -8 -7 -7 -7 -7 -5 -5 -5 -5 -5 -5 -4 -4 -4 -4 -4 -4 -4 -4 -3 -3 -2 -2 -2 ------------ Run | Yrd Mat Min Mat Min Exi Min Mat Fac Sto Rec Scr Fac Was Fac Upp Upp Zhi Pro Fac Was Fac Ext Cet Arc Hub Res Qua Res Tes Frg Used RIF Installer . | . . . . . . . . . . . . . . . . . . . . . . . . . . . . . . . Robots Hacked 48 | . . . . . . . . . . . 2 1 . 3 . . 3 . 11 . 8 9 2 1 3 2 1 . . 2 Non-combat 4 | . . . . . . . . . . . . . . 1 . . . . 2 . . . . 1 . . . . . . Combat 15 | . . . . . . . . . . . 2 . . 1 . . 3 . . . . 7 2 . . . . . . . Robot Hacks Applied 19 | . . . . . . . . . . . 2 . . 2 . . 3 . 2 . . 7 2 1 . . . . . . parse_system 15 | . . . . . . . . . . . 2 . . 1 . . 3 . . . . 7 2 . . . . . . . find_chute 2 | . . . . . . . . . . . . . . . . . . . 2 . . . . . . . . . . . find_fabricator 1 | . . . . . . . . . . . . . . 1 . . . . . . . . . . . . . . . . check_alert 1 | . . . . . . . . . . . . . . . . . . . . . . . . 1 . . . . . . Manual 29 | . . . . . . . . . . . . 1 . 1 . . . . 9 . 8 2 . . 3 2 1 . . 2 Relay Couplers Released 6 | . . . . . . . . 4 . . . . . . . . . . . . . . . . . . . . . 2 Machine Destruction 2 | . . . . . . . . . . . . . . . . . . . . . . . . . . . . . . 2 Programmers 4 | . . . . . . . . 4 . . . . . . . . . . . . . . . . . . . . . . Fabnet Peak Effective % . | . . . . . . . . . . . . . . . . . . . . . . . . . . . . . . . Robots Rewired 23 | . . . . . . . . . . 11 . . . . . . . . . . . 12 . . . . . . . . Allies Hacked 5 | . . . . . . . . . . . . 3 . . . . . . . . . . . . 1 . . . . 1 Hacks Repelled 1 | . . . . . . . . . . . . 1 . . . . . . . . . . . . . . . . . . Allies | -11 -10 -10 -9 -9 -9 -8 -8 -7 -7 -7 -7 -5 -5 -5 -5 -5 -5 -4 -4 -4 -4 -4 -4 -4 -4 -3 -3 -2 -2 -2 -------- Run | Yrd Mat Min Mat Min Exi Min Mat Fac Sto Rec Scr Fac Was Fac Upp Upp Zhi Pro Fac Was Fac Ext Cet Arc Hub Res Qua Res Tes Frg Total Allies 116 | . . 3 . 1 . . . . 2 11 1 14 20 3 . . . . 7 . 2 21 5 . 1 . . . 1 24 Largest Group 22 | . . 3 . 1 . . . . 2 11 12 12 19 17 . . . . 4 . 2 19 21 20 13 . . . 1 22 Highest-Rated Group 1388 | . . 40 . 31 . . . . 62 247 313 313 684 609 . . . . 40 . 98 703 1060 1056 746 . . . 26 1388 Highest-Rated Ally 159 | . . 16 . 31 . . . . 31 40 66 66 50 50 . . . . 10 . 49 159 152 136 96 . . . 26 139 Total Orders 40 | . . 1 . . . . . . . . 15 2 . . . . . . . . . 3 . . 8 . . . 1 10 STAY 30 | . . 1 . . . . . . . . 14 1 . . . . . . . . . 1 . . 6 . . . 1 6 FOLLOW 10 | . . . . . . . . . . . 1 1 . . . . . . . . . 2 . . 2 . . . . 4 Ally Attacks 1057 | . . 7 . 4 . . . . 11 7 . 189 91 118 . . . . 73 . 10 153 91 27 102 . . . . 174 Total Damage 28642 | . . 61 . 84 . . . . 167 129 . 2783 3217 2581 . . . . 894 . 307 3600 2042 947 2726 . . . . 9104 Kills 154 | . . . . 1 . . . . 2 . . 29 7 15 . . . . 15 . 3 21 10 5 16 . . . . 30 Allies Corrupted 8 | . . . . . . . . . . . . 3 . 1 . . . . . . . . . . 3 . . . . 1 Allies Melted 4 | . . . . . . . . . . . . . . . . . . . . . . . . . . . . . . 4 Intel | -11 -10 -10 -9 -9 -9 -8 -8 -7 -7 -7 -7 -5 -5 -5 -5 -5 -5 -4 -4 -4 -4 -4 -4 -4 -4 -3 -3 -2 -2 -2 ------- Run | Yrd Mat Min Mat Min Exi Min Mat Fac Sto Rec Scr Fac Was Fac Upp Upp Zhi Pro Fac Was Fac Ext Cet Arc Hub Res Qua Res Tes Frg Active Infowar (turns) 25684 | 11 1819 470 1439 1154 490 871 1396 1562 31 . 1 1731 268 1151 294 302 53 174 1549 14 1195 894 257 823 700 829 687 628 589 4302 Optics 16225 | . . . . . . . . . . . . 1516 268 1151 294 302 53 174 1549 14 1195 894 257 823 700 829 687 628 589 4302 Sensors 14126 | . . . . . . . . 94 31 . 1 1724 268 1132 294 302 53 159 1518 2 1151 104 . 1 700 815 671 628 478 4000 IFF 2 | . . . . . . . . . . . . . . . 2 . . . . . . . . . . . . . . . Terrain 1 | . . . . . . . . . . . . 1 . . . . . . . . . . . . . . . . . . Seismic 9106 | 11 1819 470 1439 1154 490 871 1396 1456 . . . . . . . . . . . . . . . . . . . . . . T.N.C. 2 | . . . . . . . . . . . . . . . . . . . 2 . . . . . . . . . . . Jamming 4611 | . . . . . . . . 106 . . . 103 . 10 . . . . . . . . . . . . . 3 273 4116 ECM 983 | . . . . . . . . . . . . 76 . 9 . . . 13 789 . 96 . . . . . . . . . Robot Analysis Total 21 | . 2 . 1 . . . . . . . 4 . . . . . 4 . 1 . . 6 . . 1 . 2 . . . Derelict Logs Recovered 5 | . . . . 2 . . . . . . . . . . 1 1 . 1 . . . . . . . . . . . . Drone Launches . | . . . . . . . . . . . . . . . . . . . . . . . . . . . . . . . Drone Recoveries . | . . . . . . . . . . . . . . . . . . . . . . . . . . . . . . . Exploration | -11 -10 -10 -9 -9 -9 -8 -8 -7 -7 -7 -7 -5 -5 -5 -5 -5 -5 -4 -4 -4 -4 -4 -4 -4 -4 -3 -3 -2 -2 -2 ------------- Run | Yrd Mat Min Mat Min Exi Min Mat Fac Sto Rec Scr Fac Was Fac Upp Upp Zhi Pro Fac Was Fac Ext Cet Arc Hub Res Qua Res Tes Frg Turns Passed 36849 | 108 1819 498 2195 1512 490 1504 2614 1915 407 1451 5854 1774 268 1151 294 302 53 174 1549 14 1195 894 257 823 700 829 687 628 589 4301 Spaces Moved 39339 | 38 895 295 935 583 205 591 876 936 193 778 3833 3223 347 2063 523 410 162 634 2926 68 2610 1237 300 72 855 1631 1469 1540 1323 7788 Core 54 | . . 33 . . . . . . . . . . . . . . . . . . . . . . . . 21 . . . Treads 7681 | . 649 262 935 583 205 591 876 936 193 778 1673 . . . . . . . . . . . . . . . . . . . Legs 284 | 38 246 . . . . . . . . . . . . . . . . . . . . . . . . . . . . . Wheels . | . . . . . . . . . . . . . . . . . . . . . . . . . . . . . . . Hover . | . . . . . . . . . . . . . . . . . . . . . . . . . . . . . . . Flight 31320 | . . . . . . . . . . . 2160 3223 347 2063 523 410 162 634 2926 68 2610 1237 300 72 855 1631 1448 1540 1323 7788 Fastest Speed 6 | 120 120 50 160 240 240 240 236 151 153 156 23 14 23 14 14 23 23 14 11 14 11 24 24 24 24 11 6 12 12 12 Average Speed 60 | 120 149 147 165 240 240 240 236 159 156 156 142 27 23 22 22 23 23 22 23 19 23 24 24 24 24 22 22 20 20 19 Slowest Speed 240 | 120 160 160 240 240 240 240 240 233 235 156 238 93 23 23 23 23 23 23 24 24 27 24 24 24 24 24 200 21 21 91 Overloaded Moves 491 | . . . . . . . . . . . . 52 . 23 3 . . 14 33 58 48 . . . . 24 2 32 22 180 Propulsion Burnouts . | . . . . . . . . . . . . . . . . . . . . . . . . . . . . . . . Robots Hopped 175 | . . . . . . . . . . . . 16 . 7 . . . . 24 2 23 8 . . 16 17 2 13 13 34 Potential Cave-ins . | . . . . . . . . . . . . . . . . . . . . . . . . . . . . . . . Cave-ins Triggered . | . . . . . . . . . . . . . . . . . . . . . . . . . . . . . . . Teleports 1 | . . . . . . . . . . . . . . . . . . . . . . . . . . . . . . 1 Exploration Rate (%) 68 | 3 96 65 69 91 59 98 60 26 38 98 90 59 90 57 65 56 62 74 67 79 56 91 76 86 64 55 92 36 83 81 Regions Visited 30 Branch Regions 18 Pre-discovered Areas 24 | . 2 . 1 1 . . 1 . . 7 . 6 . 1 . . 3 . . . . 1 . . 1 . . . . . Known Exits Taken 22 | . 1 1 1 . . 1 . 1 1 1 1 . . 1 1 1 1 1 . . 1 1 1 1 1 1 1 1 1 . Unknown Exits Taken 4 | 1 . . . 1 1 . 1 . . . . . . . . . . . . . . . . . . . . . . . Scrap Searched 22 | . . 1 . 2 . 1 . . . . 10 . . . 2 2 . 4 . . . . . . . . . . . . Spaces Dug 307 | . 6 1 1 . . . . 12 . . . 35 . 37 3 6 . 6 33 . 34 10 1 . 11 31 24 24 13 19 Terrain Destroyed 400 | . 6 1 2 14 . 6 . 27 1 . . 47 . 37 3 6 . 6 33 . 34 34 1 . 11 31 24 24 13 39 Melee 291 | . 6 1 1 . . . . 12 . . . 35 . 37 3 6 . 6 33 . 34 10 1 . 11 31 20 24 13 7 Projectile 31 | . . . 1 . . . . . 1 . . . . . . . . . . . . . . . . . 4 . . 25 AOE 76 | . . . . 14 . 6 . 15 . . . 12 . . . . . . . . . 24 . . . . . . . 5 Terrain Rammed . | . . . . . . . . . . . . . . . . . . . . . . . . . . . . . . . Walls Destroyed . | . . . . . . . . . . . . . . . . . . . . . . . . . . . . . . . Machines Disabled . | . . . . . . . . . . . . . . . . . . . . . . . . . . . . . . . Actions | -11 -10 -10 -9 -9 -9 -8 -8 -7 -7 -7 -7 -5 -5 -5 -5 -5 -5 -4 -4 -4 -4 -4 -4 -4 -4 -3 -3 -2 -2 -2 --------- Run | Yrd Mat Min Mat Min Exi Min Mat Fac Sto Rec Scr Fac Was Fac Upp Upp Zhi Pro Fac Was Fac Ext Cet Arc Hub Res Qua Res Tes Frg Total 50306 | 71 1251 324 1406 640 204 659 1290 1195 267 973 4249 3954 515 2588 689 606 176 648 3658 65 3065 1791 481 868 1303 2002 1758 1766 1576 10268 Wait 8401 | 13 238 3 258 12 . 50 238 39 14 46 320 597 158 430 157 191 . 1 573 . 368 474 171 786 444 312 230 181 209 1888 Move 38992 | 38 894 294 934 582 204 590 875 935 192 777 3832 3194 346 2048 522 409 161 633 2879 64 2565 1220 299 71 826 1601 1464 1515 1296 7732 Hop 145 | . . . . . . . . . . . . 13 . 7 . . . . 23 1 21 8 . . 12 12 2 11 13 22 Pick Up 265 | 1 18 1 40 . . 1 22 20 8 1 32 9 . . 1 . 1 1 14 . 8 . . . . 12 5 7 6 57 Fast Attach 96 | 1 1 . 9 1 . . 5 8 1 . 3 10 . 8 2 . 5 1 4 . 3 3 2 2 . 2 4 2 7 12 Attach 111 | . 2 2 6 . . . 4 12 2 . 10 8 . . . . . 1 6 . 4 . . . . 3 3 4 2 42 Detach 59 | . 1 . 3 . . . 2 . 2 . 3 4 . 1 . . . . 1 . . . . 1 . 1 4 3 4 29 Swap 278 | 1 11 3 36 11 . 7 28 29 3 5 1 28 . 11 . . . 1 15 . 14 14 1 1 . 3 1 5 2 47 Drop 282 | . 11 3 23 2 . 1 34 20 7 2 43 18 . 1 3 . 5 2 13 . 9 2 3 1 . 8 9 4 12 46 Fire 641 | 15 57 14 92 25 . 7 69 108 37 40 2 1 . . . . . . . . . 4 2 . . . 4 . . 164 Melee 599 | . 6 4 1 . . . 1 22 . . 2 70 11 82 4 6 4 8 85 . 66 43 3 6 21 47 32 34 25 16 Ram . | . . . . . . . . . . . . . . . . . . . . . . . . . . . . . . . Kick 2 | 2 . . . . . . . . . . . . . . . . . . . . . . . . . . . . . . Crush 45 | . 12 . 4 7 . 3 12 2 1 4 . . . . . . . . . . . . . . . . . . . . Escape Stasis 151 | . . . . . . . . . . . . . . . . . . . 10 . 7 . . . . . . . . 134 Rewire 100 | . . . . . . . . . . 98 . 2 . . . . . . . . . . . . . . . . . . Trap 60 | . . . . . . . . . . . 1 . . . . . . . 35 . . 23 . . . 1 . . . . Miscellaneous 79 | . . . . . . . . . . . . . . . . . . . . . . . . . . . . . . 79 Route ------- -11/Scrapyard -10/Materials (discovered 5 exits: *Mat x3 / *Min / Sub) -10/Mines (discovered 3 exits: *Mat x2 / Sub) -9/Materials (discovered 4 exits: *Mat x3 / *Min) -9/Mines (discovered 2 exits: *Mat / *Exi) -9/Exiles -8/Mines (discovered 2 exits: *Mat x2) -8/Materials (discovered 2 exits: *Fac x2) -7/Factory (discovered 2 exits: *Sto / *Low) -7/Storage -7/Recycling (discovered 2 exits: *Fac / *Scr) -7/Scraptown (discovered 2 exits: *Fac x2) -5/Factory (discovered 5 exits: *Fac x3 / *Upp x2) -5/Waste -5/Factory (discovered 6 exits: *Fac x4 / *Upp x2) -5/Upper Caves -5/Upper Caves (discovered 2 exits: *Fac / *Zhi) -5/Zhirov -4/Proximity Caves -4/Factory (discovered 7 exits: *Res x4 / Upp / Ext / Arm) -4/Waste -4/Factory (discovered 8 exits: *Res x3 / *Upp x2 / *Ext x2 / *Arm) -4/Extension (discovered 3 exits: *Res x2 / *Cet) -4/Cetus (discovered 2 exits: *Res / *Arc) -4/Archives (discovered 3 exits: *Res / *Hub x2) -4/Hub_04(d) (discovered 4 exits: *Res x4) -3/Research (discovered 5 exits: *Res x3 / *Qua x2) -3/Quarantine -2/Research (discovered 2 exits: *Tes x2) -2/Testing (discovered 3 exits: Acc / *Sec / *Frg) -2/Protoforge 0bPrime History --------- Turn | Location | Event 7 | -11/Scrapyard | Discovered new exit (range 3) 109 | -11/Scrapyard | Entered Materials 313 | -10/Materials | Build established: Mutant 357 | -10/Materials | Discovered new exit (range 5) 487 | -10/Materials | Discovered new exit (range 15) 746 | -10/Materials | Discovered new exit (range 4) 864 | -10/Materials | Learned 4 Subcaves zone layouts 880 | -10/Materials | Repaired Assault Rifle 902 | -10/Materials | Learned 4 Subcaves zone layouts 907 | -10/Materials | Repaired Lgt. Treads 929 | -10/Materials | Learned location of 2 exits from Mines 946 | -10/Materials | Learned Storage trap positions 954 | -10/Materials | Identified exit to Subcaves 961 | -10/Materials | Learned Storage stockpile data 979 | -10/Materials | Learned 2 Storage zone layouts 1005 | -10/Materials | Identified exit to Mines 1928 | -10/Materials | Entered Mines 1929 | -10/Mines | Identified exit to Materials 2106 | -10/Mines | Received a Rocket Launcher from a helpful Derelict 2177 | -10/Mines | Assisted by bots powering up and referring to "LRC-V3" 2286 | -10/Mines | Discovered exit to Materials (range 6) 2370 | -10/Mines | Assembled infested the area 2395 | -10/Mines | Core integrity fell below 50% 2426 | -10/Mines | Entered Materials 2426 | -9/Materials | Evolved 2 slots: Propulsion x1, Utility x1 2431 | -9/Materials | Lost 3 allies 2441 | -9/Materials | Lost 5 parts (1p1n2u1w) 2687 | -9/Materials | Build established: Scavenger-Mutant 2823 | -9/Materials | Identified exit to Mines 3130 | -9/Materials | Repaired Lgt. Treads 3149 | -9/Materials | Discovered new exit (range 5) 3315 | -9/Materials | Build established: Mutant 4057 | -9/Materials | Discovered new exit (range 16) 4337 | -9/Materials | Learned 4 Recycling zone layouts 4349 | -9/Materials | Repaired Autogun 4383 | -9/Materials | Repaired Lgt. Treads 4410 | -9/Materials | Learned Storage machine intel 4436 | -9/Materials | Identified exit to Materials 4471 | -9/Materials | Learned Storage emergency access door positions 4621 | -9/Materials | Entered Mines 4827 | -9/Mines | Found a Scrap Suit stashed away for nefarious purposes 5405 | -9/Mines | Found a hidden stash of uninstalled traps 5448 | -9/Mines | Learned Materials trap positions 5838 | -9/Mines | Received a Mining Laser from a helpful Derelict 6042 | -9/Mines | Discovered exit to Materials (range 5) 6121 | -9/Mines | Deemed a non-threat by the Exiles lab entrance 6124 | -9/Mines | Discovered new exit (range 5) 6133 | -9/Mines | Entered Exiles 6133 | -9/Exiles | Found Exiles lab abandoned 6318 | -9/Exiles | Build established: Scavenger-Mutant 6599 | -9/Exiles | Discovered new exit (range 10) 6623 | -9/Exiles | Entered Mines 7798 | -8/Mines | Discovered exit to Materials (range 16) 8115 | -8/Mines | Discovered exit to Materials (range 4) 8127 | -8/Mines | Entered Materials 8127 | -8/Materials | Evolved 2 slots: Propulsion x1, Utility x1 8128 | -8/Materials | Loaded intel: 20 trap records 8849 | -8/Materials | Discovered new exit (range 8) 9966 | -8/Materials | Garrison activated, responded to threat 10584 | -8/Materials | Discovered new exit (range 16) 10741 | -8/Materials | Entered Factory 10741 | -7/Factory | Evolved 2 slots: Propulsion x1, Utility x1 11151 | -7/Factory | Build established: Mutant 11668 | -7/Factory | Cargo convoy interrupted 11839 | -7/Factory | Discovered new exit (range 6) 11847 | -7/Factory | Identified exit to Lower Caves 12450 | -7/Factory | Lost 6 parts (3n1u2w) 12465 | -7/Factory | Discovered new exit (range 4) 12501 | -7/Factory | Identified exit to Storage 12516 | -7/Factory | Lost 3 parts (2n1u) 12656 | -7/Factory | Entered Storage 12658 | -7/Storage | Loaded intel: 24 trap records 12661 | -7/Storage | Loaded intel: 50 machine locations 12746 | -7/Storage | Repaired Enh. Autogun 12991 | -7/Storage | Met a pair of Derelict thieves 13057 | -7/Storage | Used back door to open Recycling access 13057 | -7/Storage | Discovered new exit (range 5) 13061 | -7/Storage | Identified exit to Recycling 13063 | -7/Storage | Entered Recycling 13063 | -7/Recycling | Accompanied by 1 ally 13064 | -7/Recycling | Identified exit to Factory 14075 | -7/Recycling | Build established: Commander-Mutant 14101 | -7/Recycling | Learned Factory trap positions 14151 | -7/Recycling | Learned location of 1 exit from Lower Caves 14193 | -7/Recycling | Learned 2 Proximity Caves zone layouts 14226 | -7/Recycling | Learned location of 2 exits from Archives 14250 | -7/Recycling | Learned Factory recycling unit intel 14264 | -7/Recycling | Learned Extension security intel 14288 | -7/Recycling | Identified exit to Scraptown 14323 | -7/Recycling | Learned location of Upper Caves (-5) 14367 | -7/Recycling | Learned location of 1 exit from Upper Caves 14428 | -7/Recycling | Scanned before Scraplab entrance 14450 | -7/Recycling | Entered Scraplab 14514 | -7/Recycling | Entered Scraptown 14514 | -7/Scraptown | Accompanied by 11 allies 14619 | -7/Scraptown | Visited UFD Registry 14619 | -7/Scraptown | Registered with UFD as "Steelkit" 14631 | -7/Scraptown | Visited Bundlers 14647 | -7/Scraptown | Visited The Evicted 14667 | -7/Scraptown | Visited IN-MT5's Study 14764 | -7/Scraptown | Visited Science Guys 14817 | -7/Scraptown | Visited Abandonware Association 14844 | -7/Scraptown | Visited Botcube Research 14867 | -7/Scraptown | Visited DA-N13 Charitable Foundation 14881 | -7/Scraptown | Visited Analyses Database 14904 | -7/Scraptown | Visited Research Penetration Think Tank 14925 | -7/Scraptown | Visited Junk Repository 14943 | -7/Scraptown | Visited Derelict Rescue Squad 14965 | -7/Scraptown | Visited A0-MCA Data Center 14989 | -7/Scraptown | Visited Infowarlord's Domain 15205 | -7/Scraptown | Warned about trapping Scraptown 15379 | -7/Scraptown | System corruption cleaned by C-Scrubber 15801 | -7/Scraptown | Learned abandonware demo "SHUTEYE.EXE" 15934 | -7/Scraptown | Found DCF Scrap (27 items) 16447 | -7/Scraptown | Found Spectral Analyzer 16911 | -7/Scraptown | Discovered exit to Factory (range 3) 17284 | -7/Scraptown | Visited Cave Peace 17317 | -7/Scraptown | Visited SPCMW 17336 | -7/Scraptown | Visited Spacefarers 17396 | -7/Scraptown | Visited Red Mages 18220 | -7/Scraptown | Found Botcube 18477 | -7/Scraptown | Found Scrap Suit 19031 | -7/Scraptown | Botcube activated 19053 | -7/Scraptown | Botcube completed mutation into treaded form, armed with 2 guns. 19485 | -7/Scraptown | Given a B- rating by A0-MCA 19489 | -7/Scraptown | Found Unknown Processor 19938 | -7/Scraptown | Discovered exit to Factory (range 11) 20323 | -7/Scraptown | Met Optimus 20323 | -7/Scraptown | Accepted into 0bPrime 20368 | -7/Scraptown | Entered Factory 20368 | -5/Factory | Accompanied by 12 allies 20368 | -5/Factory | Evolved 4 slots: Utility x4 20369 | -5/Factory | Loaded intel: 72 trap records 20370 | -5/Factory | Loaded intel: 8 recycling unit locations 20563 | -5/Factory | Loaded intel: 8 recycling unit locations 20618 | -5/Factory | P-70 Sage assimilated allied Gladiator 4a 20647 | -5/Factory | Lost 7 allies 20649 | -5/Factory | Spotted B-75 Beast 20708 | -5/Factory | Lost 3 allies 20759 | -5/Factory | Learned location of Protoforge (-2) 20894 | -5/Factory | Fabricated IN-MT5's Pitchfork "Insurrection" (x1) 20978 | -5/Factory | Reprogrammed and armed K-01 Serf 20979 | -5/Factory | Reprogrammed and armed K-01 Serf 20980 | -5/Factory | Reprogrammed and armed K-01 Serf 20980 | -5/Factory | Reprogrammed and armed K-01 Serf 20982 | -5/Factory | Reprogrammed and armed K-01 Serf 21120 | -5/Factory | Reprogrammed and armed K-01 Serf 21141 | -5/Factory | Build established: Hacker-Ninja 21206 | -5/Factory | Discovered new exit (range 15) 21210 | -5/Factory | Identified exit to Upper Caves 21283 | -5/Factory | Repaired Lyr. Light Armor Plating 21288 | -5/Factory | Central database locked down 21320 | -5/Factory | Identified A0-MCA's Component Scanner 21393 | -5/Factory | Repaired Cld. VTOL Module 21403 | -5/Factory | Discovered new exit (range 14) 21636 | -5/Factory | Identified exit to Factory 21644 | -5/Factory | Build established: Hacker-Scout 21655 | -5/Factory | Discovered exit to Factory (range 10) 21846 | -5/Factory | Reprogrammed and armed K-01 Serf 21863 | -5/Factory | Reprogrammed and armed K-01 Serf 21867 | -5/Factory | Reprogrammed and armed K-01 Serf 21913 | -5/Factory | Fabricated IN-MT5's Pitchfork "Insurrection" (x1) 21914 | -5/Factory | Learned location of 1 exit from Upper Caves 21923 | -5/Factory | Reprogrammed and armed K-01 Serf 22024 | -5/Factory | P-70 Sage assimilated allied K-01 Serf 22031 | -5/Factory | Learned location of Testing (-2) 22045 | -5/Factory | Reprogrammed and armed K-01 Serf 22053 | -5/Factory | Reprogrammed and armed K-01 Serf 22067 | -5/Factory | Discovered exit to Factory (range 21) 22074 | -5/Factory | Reprogrammed and armed K-01 Serf 22142 | -5/Factory | Sucked down chute 22142 | -5/Factory | Entered Waste 22143 | -5/Waste | Met a frightened Derelict 22144 | -5/Waste | Spotted C-40 Crusher 22147 | -5/Waste | Spotted C-40 Crusher 22151 | -5/Waste | Discovered new exit (range 24) 22153 | -5/Waste | Spotted C-40 Crusher 22154 | -5/Waste | Spotted C-40 Crusher 22166 | -5/Waste | Spotted C-40 Crusher 22166 | -5/Waste | Spotted C-40 Crusher 22194 | -5/Waste | Warlord forces began an assault 22204 | -5/Waste | Allies destroyed C-40 Crusher 22212 | -5/Waste | Allies destroyed C-40 Crusher 22214 | -5/Waste | Allies destroyed C-40 Crusher 22232 | -5/Waste | Allies destroyed C-40 Crusher 22349 | -5/Waste | Identified exit to Factory 22410 | -5/Waste | Entered Factory 22410 | -5/Factory | Accompanied by 17 allies 22419 | -5/Factory | Loaded intel: 8 recycling unit locations 22532 | -5/Factory | Repaired Imp. VTOL Module 22580 | -5/Factory | Garrison activated, responded to threat 22676 | -5/Factory | Fabricated Adv. Datajack (x2) 22804 | -5/Factory | Reprogrammed and armed K-01 Serf 22942 | -5/Factory | Learned location of 2 exits from Factory 23004 | -5/Factory | Learned location of Warlord (-4) 23055 | -5/Factory | Repaired Cld. VTOL Module 23078 | -5/Factory | Repaired Lyr. Light Armor Plating 23097 | -5/Factory | Learned 2 Proximity Caves zone layouts 23148 | -5/Factory | Learned Testing security intel 23157 | -5/Factory | Learned Testing emergency access door positions 23175 | -5/Factory | Learned Research stockpile data 23204 | -5/Factory | Learned 2 Proximity Caves zone layouts 23241 | -5/Factory | Loaded intel: 26 terminal locations 23289 | -5/Factory | Learned Extension trap positions 23561 | -5/Factory | Entered Upper Caves 23562 | -5/Upper Caves | Identified exit to Upper Caves 23575 | -5/Upper Caves | Spotted B-75 Beast 23816 | -5/Upper Caves | Found Alien Artifact 23855 | -5/Upper Caves | Entered another Upper Caves area 23857 | -5/Upper Caves | Identified exit to Zhirov 23964 | -5/Upper Caves | Learned location of 1 exit from Factory 24157 | -5/Upper Caves | Entered Zhirov 24157 | -5/Zhirov | Discovered new exit (range 3) 24162 | -5/Zhirov | Met Zhirov 24171 | -5/Zhirov | Learned location of Command (-1) 24173 | -5/Zhirov | Zhirov requested help retrieving the SGEMP Prototype 24177 | -5/Zhirov | Found Alien Artifact 24177 | -5/Zhirov | Identified Integrated Reactor 24177 | -5/Zhirov | Installed Integrated Reactor, increased core energy generation (+10) 24200 | -5/Zhirov | Found Alien Artifact 24209 | -5/Zhirov | Identified exit to Proximity Caves 24210 | -5/Zhirov | Entered Proximity Caves 24261 | -4/Proximity Caves | Learned location of 1 exit from Research 24360 | -4/Proximity Caves | Spotted B-86 Titan 24384 | -4/Proximity Caves | Entered Factory 24384 | -4/Factory | Evolved 2 slots: Propulsion x1, Utility x1 24385 | -4/Factory | Identified exit to Armory 24386 | -4/Factory | Identified exit to Extension 24386 | -4/Factory | Identified exit to Upper Caves 24386 | -4/Factory | Identified exit to Research 24394 | -4/Factory | Loaded intel: 8 recycling unit locations 24485 | -4/Factory | Discovered exit to Research (range 23) 24650 | -4/Factory | Repaired Cld. VTOL Module 24690 | -4/Factory | Build established: Hacker-Ninja 24821 | -4/Factory | Learned location of 1 exit from Armory 24889 | -4/Factory | Learned Research trap positions 24947 | -4/Factory | Learned Armory stockpile data 24968 | -4/Factory | Spotted B-86 Titan 24976 | -4/Factory | Reprogrammed and armed K-01 Serf 24995 | -4/Factory | Learned location of 1 exit from Armory 25000 | -4/Factory | Fabricated Adv. Gravity Neutralizer? 25035 | -4/Factory | Learned location of 1 exit from Research 25086 | -4/Factory | Learned 2 Upper Caves zone layouts 25149 | -4/Factory | Learned Research security intel 25259 | -4/Factory | Reprogrammed and armed K-01 Serf 25260 | -4/Factory | Reprogrammed and armed K-01 Serf 25260 | -4/Factory | Reprogrammed and armed K-01 Serf 25264 | -4/Factory | Reprogrammed and armed K-01 Serf 25493 | -4/Factory | Allies destroyed B-86 Titan 25556 | -4/Factory | Fabricated Mic. Antimatter Reactor? 25575 | -4/Factory | Discovered exit to Research (range 8) 25647 | -4/Factory | Spotted B-86 Titan 25696 | -4/Factory | Build established: Hacker-Scout 25713 | -4/Factory | Repaired Cld. VTOL Module 25933 | -4/Factory | Manually triggered Chute Trap 25933 | -4/Factory | Sucked down chute 25933 | -4/Factory | Entered Waste 25934 | -4/Waste | Identified exit to Factory 25937 | -4/Waste | Spotted C-40 Crusher 25940 | -4/Waste | Spotted C-40 Crusher 25941 | -4/Waste | Spotted C-40 Crusher 25943 | -4/Waste | Spotted C-40 Crusher 25943 | -4/Waste | Spotted C-40 Crusher 25945 | -4/Waste | Spotted C-40 Crusher 25947 | -4/Waste | Entered Factory 26272 | -4/Factory | Fabricated Cld. Nuclear Pulse Thruster? 26341 | -4/Factory | Loaded intel: 4 garrison access locations 26375 | -4/Factory | Learned location of 1 exit from Quarantine 26399 | -4/Factory | Learned 8 Research zone layouts 26413 | -4/Factory | Loaded intel: 53 trap records 26425 | -4/Factory | Learned location of 3 exits from Research 26484 | -4/Factory | Fabricated Cld. Nuclear Pulse Thruster (x1) 26610 | -4/Factory | Fabricated Exp. Utility Shielding (x1) 26655 | -4/Factory | Loaded intel: 8 recycling unit locations 26864 | -4/Factory | Spotted B-86 Titan 26944 | -4/Factory | Discovered exit to Research (range 5) 27142 | -4/Factory | Entered Extension 27143 | -4/Extension | Loaded intel: 17 trap records 27183 | -4/Extension | Reprogrammed and armed K-01 Serf 27215 | -4/Extension | Reprogrammed and armed K-01 Serf 27318 | -4/Extension | Learned 4 Research zone layouts 27330 | -4/Extension | Rescued A7 27377 | -4/Extension | Spotted B-86 Titan 27380 | -4/Extension | Rescued a captive Derelict 27430 | -4/Extension | Learned Testing stockpile data 27473 | -4/Extension | Learned location of Archives (-4) 27488 | -4/Extension | Reprogrammed and armed K-01 Serf 27494 | -4/Extension | Reprogrammed and armed K-01 Serf 27507 | -4/Extension | Learned Research scanalyzer intel 27531 | -4/Extension | Learned 2 Upper Caves zone layouts 27547 | -4/Extension | Learned Armory security intel 27575 | -4/Extension | Learned Factory security intel 27600 | -4/Extension | Spotted B-86 Titan 27615 | -4/Extension | Identified exit to Cetus 27624 | -4/Extension | Allies destroyed B-86 Titan 27650 | -4/Extension | Allies destroyed B-86 Titan 27666 | -4/Extension | Learned 12 Factory zone layouts 27719 | -4/Extension | Rescued a captive Derelict 27720 | -4/Extension | Rescued a captive Derelict 27725 | -4/Extension | Learned 4 Factory zone layouts 27779 | -4/Extension | Build established: Hacker-Sprinter 27910 | -4/Extension | Discovered exit to Research (range 10) 27938 | -4/Extension | Reprogrammed and armed K-01 Serf 27939 | -4/Extension | Reprogrammed and armed K-01 Serf 28036 | -4/Extension | Entered Cetus 28036 | -4/Cetus | Accompanied by 19 allies (A7) 28039 | -4/Cetus | Spotted Cetus Guard 28039 | -4/Cetus | Spotted Cetus Guard 28039 | -4/Cetus | Spotted Cetus Guard 28039 | -4/Cetus | Spotted Cetus Guard 28041 | -4/Cetus | Acquired a Cetus Manufacturing Module code from A7 28054 | -4/Cetus | Allies destroyed Cetus Guard 28063 | -4/Cetus | Allies destroyed Cetus Guard 28069 | -4/Cetus | Allies destroyed Cetus Guard 28072 | -4/Cetus | Allies destroyed Cetus Guard 28082 | -4/Cetus | Started Cetus Manufacturing Module 28107 | -4/Cetus | Manufactured an Enhanced Grunt 28126 | -4/Cetus | Escorted A7 to Cetus Mainframe 28132 | -4/Cetus | Manufactured an Enhanced Grunt 28149 | -4/Cetus | Discovered new exit (range 23) 28157 | -4/Cetus | Manufactured an Enhanced Grunt 28182 | -4/Cetus | Manufactured an Enhanced Grunt 28183 | -4/Cetus | Spotted Cetus Guard 28183 | -4/Cetus | Spotted Cetus Guard 28183 | -4/Cetus | Spotted Cetus Guard 28183 | -4/Cetus | Spotted Cetus Guard 28183 | -4/Cetus | Discovered exit to Research (range 23) 28205 | -4/Cetus | Allies destroyed Cetus Guard 28207 | -4/Cetus | Manufactured an Enhanced Grunt 28208 | -4/Cetus | Allies destroyed Cetus Guard 28212 | -4/Cetus | Allies destroyed Cetus Guard 28217 | -4/Cetus | Allies destroyed Cetus Guard 28232 | -4/Cetus | Identified exit to Archives 28293 | -4/Cetus | Entered Archives 28293 | -4/Archives | Accompanied by 20 allies (A7) 28294 | -4/Archives | Identified exit to Hub_04(d) 28298 | -4/Archives | Received a hacking code to weaken MAIN.C 28351 | -4/Archives | Discovered exit to Hub_04(d) (range 23) 28362 | -4/Archives | Lost 6 allies 28389 | -4/Archives | Build established: Commander-Sprinter 29116 | -4/Archives | Entered Hub_04(d) 29116 | -4/Hub_04(d) | Accompanied by 13 allies 29245 | -4/Hub_04(d) | Garrison activated, responded to threat 29366 | -4/Hub_04(d) | First assault squad dispatched 29510 | -4/Hub_04(d) | Learned Quarantine scanalyzer intel 29535 | -4/Hub_04(d) | Build established: Hacker-Scout 29550 | -4/Hub_04(d) | Learned location of 1 exit from Upper Caves 29582 | -4/Hub_04(d) | Learned 8 Testing zone layouts 29604 | -4/Hub_04(d) | Learned Quarantine interactive machine intel 29617 | -4/Hub_04(d) | Learned Factory trap positions 29619 | -4/Hub_04(d) | Learned 8 Research zone layouts 29631 | -4/Hub_04(d) | Learned Factory trap positions 29674 | -4/Hub_04(d) | Network Hub disabled 29777 | -4/Hub_04(d) | Network Hub disabled 29806 | -4/Hub_04(d) | Lost 6 allies 29816 | -4/Hub_04(d) | Entered Research 29816 | -3/Research | Evolved 2 slots: Propulsion x1, Utility x1 29817 | -3/Research | Identified exit to Research 29817 | -3/Research | Identified exit to Quarantine 29819 | -3/Research | Loaded intel: 69 trap records 29822 | -3/Research | Loaded intel: 6 scanalyzer locations 29994 | -3/Research | Identified Dimensional Node Initializer 29994 | -3/Research | Identified Transdimensional Reconstructor 30016 | -3/Research | Revision forces began assault on 0b10 30159 | -3/Research | Loaded intel: 5 recycling unit locations 30438 | -3/Research | Spotted B-86 Titan 30516 | -3/Research | Research terminal network offline 30632 | -3/Research | Spotted B-90 Cyclops 30645 | -3/Research | Entered Quarantine 30647 | -3/Quarantine | Loaded intel: 20 interactive machine locations 30648 | -3/Quarantine | Loaded intel: 3 scanalyzer locations 30658 | -3/Quarantine | Found Alien Slashing Weapon 30658 | -3/Quarantine | Identified Sigix Broadsword 30835 | -3/Quarantine | Cryocooling Duct disabled 30850 | -3/Quarantine | Ambient heat levels rising (+20) 30850 | -3/Quarantine | Non-combat units ordered to evacuate 30969 | -3/Quarantine | Found Alien Artifact 31021 | -3/Quarantine | Identified Hpw. Transdimensional Reconstructor 31148 | -3/Quarantine | Repaired Mic. Antimatter Reactor 31174 | -3/Quarantine | Learned 4 Access zone layouts 31238 | -3/Quarantine | Learned Testing stockpile data 31283 | -3/Quarantine | Found Alien Artifact 31332 | -3/Quarantine | Entered Research 31332 | -2/Research | Evolved 2 slots: Power x1, Propulsion x1 31346 | -2/Research | Identified Subatomic Replicator 31389 | -2/Research | Discovered new exit (range 19) 31447 | -2/Research | Fabricated IN-MT5's Pitchfork "Insurrection" (x1) 31465 | -2/Research | Identified exit to Testing 31482 | -2/Research | Spotted B-90 Cyclops 31647 | -2/Research | Spotted B-90 Cyclops 31803 | -2/Research | Fabricated Exp. Transmission Jammer? 31882 | -2/Research | Repaired Centrium Medium Armor Plating? 31902 | -2/Research | Loaded intel: 5 recycling unit locations 31960 | -2/Research | Entered Testing 31961 | -2/Testing | Identified exit to Section 7 31961 | -2/Testing | Identified exit to Protoforge 31962 | -2/Testing | Found Point Singularity Launcher 32061 | -2/Testing | Found Prototype Hackware 32061 | -2/Testing | Identified System Mapper 32081 | -2/Testing | Found Prototype Ballistic Cannon 32081 | -2/Testing | Identified Omega Cannon 32123 | -2/Testing | Build established: Hacker-Ninja 32184 | -2/Testing | Found Prototype Energy Cannon 32187 | -2/Testing | Identified Cld. Nova Cannon 32252 | -2/Testing | Learned Research stockpile data 32289 | -2/Testing | Spotted Striker 32320 | -2/Testing | Learned location of 2 exits from Research 32370 | -2/Testing | Found Prototype Ballistic Gun 32379 | -2/Testing | Identified exit to Access 32395 | -2/Testing | Spotted Fortress 32429 | -2/Testing | Learned 8 Research zone layouts 32469 | -2/Testing | Learned 4 Access zone layouts 32549 | -2/Testing | Entered Protoforge 32553 | -2/Protoforge | Spotted Hotshot 32661 | -2/Protoforge | Spotted Hotshot 32661 | -2/Protoforge | Spotted Hotshot 32736 | -2/Protoforge | Identified Hyp. Multirail 32746 | -2/Protoforge | Destroyed Hotshot 32748 | -2/Protoforge | Destroyed Hotshot 32898 | -2/Protoforge | Fabricated H-88 Terminator (x2) 32900 | -2/Protoforge | Fabricated H-88 Terminator (x2) 32903 | -2/Protoforge | Fabricated H-88 Terminator (x2) 32905 | -2/Protoforge | Fabricated H-88 Terminator (x2) 32935 | -2/Protoforge | Fabricated H-88 Terminator (x2) 32937 | -2/Protoforge | Fabricated L-61 Swordsman (x3) 32938 | -2/Protoforge | Fabricated H-88 Terminator (x2) 32941 | -2/Protoforge | Fabricated H-88 Terminator (x2) 32966 | -2/Protoforge | Fabricated L-61 Swordsman? 33029 | -2/Protoforge | Spotted Hotshot 33082 | -2/Protoforge | Spotted Hotshot 33113 | -2/Protoforge | Destroyed Hotshot 33120 | -2/Protoforge | Destroyed Hotshot 33138 | -2/Protoforge | Reprogrammed and armed K-01 Serf 33138 | -2/Protoforge | Reprogrammed and armed K-01 Serf 33153 | -2/Protoforge | Superfortress began startup sequence 33259 | -2/Protoforge | Spotted EXE-6 33260 | -2/Protoforge | Spotted EXE-6 33268 | -2/Protoforge | UFD initiated attack on Protoforge 33268 | -2/Protoforge | Loaded intel: 3 recycling unit locations 33294 | -2/Protoforge | Scraphulk reinforcements arrived 33295 | -2/Protoforge | Scraphulk reinforcements arrived 33297 | -2/Protoforge | Spotted Decapitator 33302 | -2/Protoforge | Initialized slip node 33304 | -2/Protoforge | Optimus greeted in Protoforge 33306 | -2/Protoforge | Found Prototype Ballistic Gun 33308 | -2/Protoforge | Found Prototype Ballistic Gun 33309 | -2/Protoforge | Found Exp. Core Analyzer 33311 | -2/Protoforge | Found Prototype Processor 33311 | -2/Protoforge | Identified Exp. Armor Integrity Analyzer 33314 | -2/Protoforge | Found Exp. Armor Integrity Analyzer 33316 | -2/Protoforge | Found Prototype Device 33379 | -2/Protoforge | Used Subatomic Replicator to create Alien Artifact 33433 | -2/Protoforge | Identified Supercharged TR 33433 | -2/Protoforge | Warped through subspace to slip node 33434 | -2/Protoforge | Optimus attacked Superfortress 33441 | -2/Protoforge | Spotted Decapitator 33442 | -2/Protoforge | Identified Cep. XC Strikerail (x2) 33444 | -2/Protoforge | Spotted Executioner 33444 | -2/Protoforge | Destroyed Decapitator 33447 | -2/Protoforge | Destroyed Executioner 33460 | -2/Protoforge | Found Com. Tesla Bomb Launcher 33464 | -2/Protoforge | Found Prototype Power Core 33464 | -2/Protoforge | Identified Cep. Zero-point Core 33467 | -2/Protoforge | Found Cep. Zero-point Core 33468 | -2/Protoforge | Identified Exp. Kinecellerator 33472 | -2/Protoforge | Found Prototype Device 33472 | -2/Protoforge | Identified Cep. Matter Streamer 33477 | -2/Protoforge | Lost 3 allies 33478 | -2/Protoforge | Found Prototype Storage 33478 | -2/Protoforge | Identified Cep. Chromion Battery 33500 | -2/Protoforge | Forge Plexus network access discovered 33510 | -2/Protoforge | Spotted Striker 33511 | -2/Protoforge | Spotted Executioner 33519 | -2/Protoforge | Spotted Decapitator 33520 | -2/Protoforge | Spotted Decapitator 33520 | -2/Protoforge | Spotted Decapitator 33520 | -2/Protoforge | Spotted Decapitator 33524 | -2/Protoforge | Allies destroyed Decapitator 33530 | -2/Protoforge | Spotted Hotshot 33535 | -2/Protoforge | Spotted Hotshot 33543 | -2/Protoforge | Spotted Hotshot 33547 | -2/Protoforge | Spotted Hotshot 33554 | -2/Protoforge | Lost 3 allies 33556 | -2/Protoforge | Destroyed Hotshot 33556 | -2/Protoforge | Destroyed Hotshot 33558 | -2/Protoforge | Destroyed Hotshot 33558 | -2/Protoforge | Destroyed Hotshot 33572 | -2/Protoforge | Spotted Immortal 33586 | -2/Protoforge | Spotted Immortal 33601 | -2/Protoforge | Build established: Commander-Ninja 33641 | -2/Protoforge | Spotted Striker 33645 | -2/Protoforge | Spotted AP7-3 33648 | -2/Protoforge | Spotted Executioner 33682 | -2/Protoforge | Lost 4 allies 33714 | -2/Protoforge | Spotted Striker 33737 | -2/Protoforge | Spotted Executioner 33778 | -2/Protoforge | P-80 Master assimilated allied 02F60-D 33842 | -2/Protoforge | Spotted V420-n 33884 | -2/Protoforge | Destroyed Executioner 33968 | -2/Protoforge | Found Exp. System Purifier 33970 | -2/Protoforge | Found Exp. System Purifier 34017 | -2/Protoforge | Spotted Striker 34018 | -2/Protoforge | Spotted Executioner 34200 | -2/Protoforge | Spotted V854-y 34200 | -2/Protoforge | Spotted V744-d 34206 | -2/Protoforge | Found Crosscalibrator 34210 | -2/Protoforge | Spotted Decapitator 34210 | -2/Protoforge | Spotted Decapitator 34210 | -2/Protoforge | Spotted Decapitator 34225 | -2/Protoforge | Found Cep. Lightning Penetrator 34304 | -2/Protoforge | Found Cep. Plasma Driver 34323 | -2/Protoforge | Spotted Striker 34323 | -2/Protoforge | Spotted Executioner 34378 | -2/Protoforge | Spotted Decapitator 34378 | -2/Protoforge | Spotted Decapitator 34387 | -2/Protoforge | Destroyed Decapitator 34392 | -2/Protoforge | Destroyed Decapitator 34402 | -2/Protoforge | Found Cep. Antigrav Storage Unit 34674 | -2/Protoforge | UFD reported confirmed Drillbomb installation 34711 | -2/Protoforge | Spotted Executioner 34729 | -2/Protoforge | Spotted Striker 34741 | -2/Protoforge | Found UFD Drillbomb 34757 | -2/Protoforge | Spotted Executioner 34804 | -2/Protoforge | Spotted Executioner 34926 | -2/Protoforge | Installed UFD Drillbomb at designated target 34926 | -2/Protoforge | UFD reported confirmed Drillbomb installation 34938 | -2/Protoforge | Build established: Hacker-Scout 34997 | -2/Protoforge | Spotted Striker 34999 | -2/Protoforge | Destroyed Striker 35006 | -2/Protoforge | Found UFD Drillbomb 35027 | -2/Protoforge | Installed UFD Drillbomb at designated target 35027 | -2/Protoforge | UFD reported confirmed Drillbomb installation 35046 | -2/Protoforge | Found UFD Drillbomb 35057 | -2/Protoforge | Found UFD Drillbomb 35068 | -2/Protoforge | Found UFD Drillbomb 35079 | -2/Protoforge | Found UFD Drillbomb 35092 | -2/Protoforge | Found UFD Drillbomb 35105 | -2/Protoforge | Found UFD Drillbomb 35151 | -2/Protoforge | Installed UFD Drillbomb at designated target 35151 | -2/Protoforge | UFD reported confirmed Drillbomb installation 35268 | -2/Protoforge | Spotted Executioner 35315 | -2/Protoforge | Installed UFD Drillbomb at designated target 35315 | -2/Protoforge | UFD reported confirmed Drillbomb installation 35359 | -2/Protoforge | Installed UFD Drillbomb at designated target 35359 | -2/Protoforge | UFD reported confirmed Drillbomb installation 35520 | -2/Protoforge | Spotted Hotshot 35545 | -2/Protoforge | Found UFD Drillbomb 35558 | -2/Protoforge | Discovered exit to Access (range 24) 35618 | -2/Protoforge | Spotted Striker 35618 | -2/Protoforge | Spotted Executioner 35618 | -2/Protoforge | Spotted Striker 35718 | -2/Protoforge | Spotted Striker 35812 | -2/Protoforge | Spotted Executioner 35812 | -2/Protoforge | Spotted Executioner 35920 | -2/Protoforge | Spotted Striker 35921 | -2/Protoforge | Spotted Striker 35943 | -2/Protoforge | Spotted Striker 35943 | -2/Protoforge | Spotted Striker 35988 | -2/Protoforge | Spotted Executioner 36024 | -2/Protoforge | Lost 3 allies 36144 | -2/Protoforge | Installed UFD Drillbomb at designated target 36144 | -2/Protoforge | UFD reported confirmed Drillbomb installation 36220 | -2/Protoforge | Spotted Executioner 36220 | -2/Protoforge | Spotted Striker 36220 | -2/Protoforge | Spotted Executioner 36346 | -2/Protoforge | Installed UFD Drillbomb at designated target 36346 | -2/Protoforge | UFD reported confirmed Drillbomb installation 36401 | -2/Protoforge | Found UFD Drillbomb 36464 | -2/Protoforge | Spotted Striker 36480 | -2/Protoforge | Spotted Striker 36512 | -2/Protoforge | Destroyed Decapitator 36515 | -2/Protoforge | Destroyed Decapitator 36561 | -2/Protoforge | Found Faulty Cep. Zero-point Core 36562 | -2/Protoforge | Found Cep. Zero-point Core 36566 | -2/Protoforge | Found Faulty Cep. Zero-point Core 36567 | -2/Protoforge | Found Cep. Zero-point Core 36580 | -2/Protoforge | Found Unknown Device 36580 | -2/Protoforge | Identified Quantum Capacitor 36583 | -2/Protoforge | Found Prototype Device 36583 | -2/Protoforge | Identified Adv. Particle Accelerator 36632 | -2/Protoforge | UFD reported confirmed Drillbomb installation 36662 | -2/Protoforge | Found Cep. Weapon Articulator 36675 | -2/Protoforge | Found Cep. Heavy Railcannon 36679 | -2/Protoforge | Found Faulty Cep. Plasma Driver 36680 | -2/Protoforge | Found Faulty Cep. Plasma Driver 36717 | -2/Protoforge | Spotted V111-m 36717 | -2/Protoforge | Found Exp. Force Field 36718 | -2/Protoforge | Spotted V762-i 36718 | -2/Protoforge | Found Exp. Force Field 36731 | -2/Protoforge | Found Cep. NT7 Matterbank 36750 | -2/Protoforge | UFD reported confirmed Drillbomb installation 36751 | -2/Protoforge | UFD began Drillbomb countdown 36753 | -2/Protoforge | Additional patrols dispatched to research labs 36851 | *** | Defending 0bPrime! Last Messages --------------- Assembled things over in 0b10 the hard way, so we didn't have to. 36843_ 0bP_NET: Also Frameworth for that epic save with the barrage of overtuned dakka. Respect the dakka. 36844_ 0bP_NET: And S4-LTN's pet Recycler. I didn't mean it, but I was short on matter and it was a natural reflex. 36845_ 0bP_NET: Oh yeah, T-6 by the way. 36846_ 0bP_NET: LU-1G1, we know you're out there, digging away, so no moment of silence needed for you. 36847_ 0bP_NET: DD-05H though, you were a good one, we'll never forget the way you smashed your way west and just never stopped smashing. 36848_ 0bP_NET: Well my eulogizing is soon to be interrupted by scenes of half of Protoforge collapsing in on itself. Be careful out there. 36849_ 0bP_NET: T-2! 36850_ 0bP_NET: And that's a wrap. Map ----- +----------------------------------------------------+ | | | | | | | | | | | | | | | | | | | | | | | | | ?????????????????????????????????????????????????? | | ?????????????????????????????????????????????????? | | ?????????????????????????????????????????????????? | | ?????????????????????????????????????????????????? | | ?????????????????????????????????????????????????? | | ?????????????????????????????????????????????????? | | ????????????????####################?????????????? | | ????????????????# " """ " """"""#?????????????? | | ????????????????#""""#"!"#" """"""#?????????????? | | ????????????????# " " """ """#?????????????? | | ????????????????# "" "#?###?????????? | | ????????????????# # ### ########### | | ????????????????#""" + * = | | ????????????????#"!" @ + ^!!* | | ????????????????#""" + = [ | | ????????????????# # #### ########### | | ????????????????# " " " """#?###?????????? | | ????????????????# "#"!"#"" """#?????????????? | | ????????????????# """ "" """""#?????????????? | | ????????????????######## "" T"""""#?????????????? | | ???????????????????????# " """"""#?????????????? | | ???????????????????????#############?????????????? | | ?????????????????????????????????????????????????? | | ?????????????????????????????????????????????????? | | ?????????????????????????????????????????????????? | | ?????????????????????????????????????????????????? | | ?????????????????????????????????????????????????? | | ?????????????????????????????????????????????????? | | ?????????????????????????????????????????????????? | | ?????????????????????????????????????????????????? | | ?????????????????????????????????????????????????? | | ?????????????????????????????????????????????????? | | ?????????????????????????????????????????????????? | | ?????????????????????????????????????????????????? | | ?????????????????????????????????????????????????? | | ?????????????????????????????????????????????????? | | ?????????????????????????????????????????????????? | | ?????????????????????????????????????????????????? | +----------------------------------------------------+ Best States ------------- Heat Dissipation 49 Energy Generation 71 Energy Capacity 1020 Matter Stores 300 Matter Capacity 300 Sight Range 24 Robot Scan Range 16 Terrain Scan Density 10 ECM Strength 1 Jamming Range 22 Additional Mass Support 16 Armor Coverage 225 Propulsion Shielding 90 Utility Shielding 90 Weapon Cycling 15 Evasion (%) 67 Targeting Accuracy 5 Recoil Reduction 5 Offensive Hacking 54 Defensive Hacking 12 Authchip Count 9 Item Schematics ----------------- Enh. Gauss Cannon | -7/Recycling | Hacked IN-MT5's Pitchfork "Insurrection" | -7/Scraptown | Archive Cld. VTOL Module | -5/Factory | Scanalyzed Graphene Brace | -5/Factory | Scanalyzed Adv. Datajack | -5/Factory | Hacked Imp. Trap Extractor | -5/Factory | Extracted Exp. Utility Shielding | -5/Factory | Hacked Gyrokinetic Inverter | -5/Factory | Hacked Dual-blade Saw | -5/Factory | Hacked Neutrino Core | -5/Factory | Hacked Hyp. Coil Gun | -5/Factory | Hacked Transmission Jammer | -5/Factory | Extracted Actuator Array | -5/Factory | Extracted Coil Gun | -5/Factory | Extracted Imp. Corruption Screen | -5/Factory | Extracted Core Analyzer | -5/Factory | Extracted Enh. Optical Array | -5/Factory | Extracted KE Penetrator | -5/Factory | Extracted Imp. Dynamic Insulation System | -5/Factory | Extracted Hyp. Gauss Cannon | -5/Factory | Extracted Mic. Antimatter Reactor | -5/Factory | Hacked Assault Drone Bay | -5/Zhirov | Free Exp. Heat Sink | -5/Zhirov | Free Exp. Optical Array | -5/Zhirov | Free Imp. Arc Thrower | -5/Zhirov | Free Adv. Gravity Neutralizer | -4/Factory | Hacked Cld. Nuclear Pulse Thruster | -4/Factory | Hacked Dispersion Rifle | -4/Factory | Extracted Antigrav System | -4/Factory | Extracted Adv. Hacking Suite | -4/Factory | Extracted Imp. Core Shielding | -4/Factory | Extracted Lgt. Antimatter Reactor | -4/Factory | Extracted Field Propulsion Array | -4/Factory | Extracted Imp. Point Defense System | -4/Factory | Extracted Com. Wheel | -4/Factory | Extracted Heavy Servo Lattice | -4/Factory | Extracted Adv. Sensor Array | -4/Factory | Extracted Imp. Shock Absorption System | -4/Factory | Extracted System Shield | -4/Factory | Extracted Imp. Weapon Shielding | -4/Factory | Extracted Powered Hammer | -4/Factory | Extracted Imp. Force Field | -4/Factory | Extracted Q-thruster | -4/Extension | Hacked Imp. Armor Integrity Analyzer | -4/Extension | Hacked Enh. Nova Cannon | -4/Extension | Hacked Biometal Heavy Treads | -4/Extension | Hacked Electron Diverter | -3/Research | Scanalyzed Impulse Thruster Array | -3/Research | Hacked Quantum Rifle | -3/Research | Hacked Antigrav Array | -3/Research | Hacked Gamma Bomb Array | -3/Research | Hacked Lgt. Quantum Reactor | -3/Research | Hacked Quantum Reactor | -3/Research | Hacked Imp. Antigrav System | -3/Research | Extracted Com. Battery | -3/Research | Extracted Prc. Matter Filter | -3/Research | Extracted Kinecellerator | -3/Research | Extracted Mass Driver | -3/Research | Extracted Force Booster | -3/Research | Extracted Microactuators | -3/Research | Extracted Imp. Remote Datajack | -3/Research | Extracted Centrium Medium Armor Plating | -3/Quarantine | Scanalyzed Exp. Transmission Jammer | -3/Quarantine | Hacked Cmb. Antigrav System | -3/Quarantine | Hacked Cld. Field Propulsion Drive | -2/Testing | Scanalyzed Diametric Drive | -2/Testing | Scanalyzed Exp. Q-thruster | -2/Testing | Hacked Mni. Smartbomb Launcher | -2/Protoforge | Archive Gui. Micro-nuke Launcher | -2/Protoforge | Archive Adv. Matter Compressor | -2/Protoforge | Archive Enh. Armored Heavy Treads | -2/Protoforge | Archive Cld. Antigrav System | -2/Protoforge | Archive Imp. Quantum Reactor | -2/Protoforge | Hacked Robot Schematics ------------------ L-61 Swordsman | -5/Factory | Hacked H-88 Terminator | -3/Research | Hacked C-55 Analyst | -3/Quarantine | Hacked Y-72 Warden | -2/Protoforge | Archive O-32 Director | -2/Protoforge | Archive A-15 Conveyor | -2/Protoforge | Archive Fabricated ------------ IN-MT5's Pitchfork "Insurrection" | x1 | -5/Factory | Authchip IN-MT5's Pitchfork "Insurrection" | x1 | -5/Factory | Authchip Adv. Datajack | x2 | -5/Factory Adv. Gravity Neutralizer | x1 | -4/Factory | Authchip Mic. Antimatter Reactor | x2 | -4/Factory Cld. Nuclear Pulse Thruster | x1 | -4/Factory | Authchip Cld. Nuclear Pulse Thruster | x1 | -4/Factory | Authchip Exp. Utility Shielding | x1 | -4/Factory | Authchip IN-MT5's Pitchfork "Insurrection" | x1 | -2/Research | Authchip Exp. Transmission Jammer | x1 | -2/Research | Authchip H-88 Terminator | x2 | -2/Protoforge | Authchip H-88 Terminator | x2 | -2/Protoforge | Authchip H-88 Terminator | x2 | -2/Protoforge | Authchip H-88 Terminator | x2 | -2/Protoforge | Authchip H-88 Terminator | x2 | -2/Protoforge | Authchip L-61 Swordsman | x3 | -2/Protoforge | Authchip H-88 Terminator | x2 | -2/Protoforge | Authchip H-88 Terminator | x2 | -2/Protoforge | Authchip L-61 Swordsman | x3 | -2/Protoforge | Authchip Repaired ---------- Assault Rifle | 17% | -10/Materials Lgt. Treads | 29% | -10/Materials Lgt. Treads | 20% | -9/Materials Autogun | 27% | -9/Materials Lgt. Treads | 63% | -9/Materials Enh. Autogun | 15% | -7/Storage Lyr. Light Armor Plating | 4% | -5/Factory Cld. VTOL Module | 60% | -5/Factory Imp. VTOL Module | 62% | -5/Factory Cld. VTOL Module | 35% | -5/Factory Lyr. Light Armor Plating | 57% | -5/Factory Cld. VTOL Module | 65% | -4/Factory Cld. VTOL Module | 46% | -4/Factory Mic. Antimatter Reactor | 52% | -3/Quarantine Centrium Medium Armor Plating | 77% | -2/Research Alien Tech Used ----------------- Integrated Reactor Sigix Broadsword Dimensional Node Initializer Subatomic Replicator Supercharged TR Achievements -------------- None Challenges ------------ None Game ------ Seed GravmagKineticTorch Manual? 0 Play Time 06:54:24 Cumulative 1182.8 hours Start 2025.05.22 @ 22:32:25 End 2025.05.23 @ 21:39:51 Sessions 3 Manual Loads 0 Difficulty Rogue Special Mode None Game No. 523 Rogue 522 Adventurer 1 Explorer 0 Win Type 9 Total 189 Types 54/16/29/5/2/1/75/3/2/2 Lore% 97 Gallery% 99 Achievement% 94 Wizard Run 0 Options --------- Layout 2 ASCII 0 Keyboard 1 Movement Numpad Keybinds 0 Fullscreen 0 Font 24/Terminus Map View 50x44 Zoom Use 0% Tactical HUD 1 Map Filters NONE Filters NONE Steam 1 RUN: a6475a41-9cef-423b-a3fa-29b293eace1a